 Dungeon Crawl Stone Soup version 0.31-a0-704-g1016066182 (webtiles) character file.

Game seed: 293346307046032766

13933116 JavaGenius the Merry Frog (level 27, 236/249 HPs)
             Began as a Barachi Hunter on Sept 9, 2023.
             Was a High Priest of the Shining One.
             Escaped with the Orb
             ... and 15 runes!
             The game lasted 08:44:42 (113931 turns).

JavaGenius the Merry Frog (Barachi Hunter)        Turns: 113931, Time: 08:44:42

Health: 236/249    AC: 26    Str: 16    XL:     27
Magic:  40/40      EV: 40    Int: 10    God:    the Shining One [*****.]
Gold:   13479      SH: 30    Dex: 26    Spells: 15/46 levels left

rFire   + + .        S - +7 hand cannon "Moytiol" {freeze, rElec rPois rCorr}
rCold   + + +        c - +5 kite shield {rC+ rF+}
rNeg    + + .        v - quicksilver dragon scales
rPois   +            (helmet restricted)
rElec   +            a - scarf {rC+ rF+}
rCorr   +            q - +2 pair of gloves
SInv    .            M - +2 pair of boots
Will    ++++.        W - amulet of Kanudgh {Reflect Contam Fly rC+ SH+5}
Stlth   +            F - +4 ring of slaying
HPRegen 0.61/turn    X - +5 ring of evasion
MPRegen 0.27/turn

%: reflection
@: flying, glowing, studying 2 skills, slow
A: amphibious, slowness 1, strong legs 2, +LOS, antennae 1, strong-willed 1,
mutation resistance 1, MP-powered wands
0: Orb of Zot
}: 15/15 runes: decaying, slimy, silver, golden, iron, obsidian, icy, bone,
abyssal, demonic, glowing, magical, fiery, dark, gossamer
a: Hop, Renounce Religion, Divine Shield, Cleansing Flame, Summon Divine Warrior


You escaped.
You worshipped the Shining One.
The Shining One was extremely pleased with you.
You visited 18 branches of the dungeon, and saw 88 of its levels.
You visited Pandemonium 1 time, and saw 18 of its levels.
You visited the Abyss 1 time.
You visited 1 ziggurat, and saw 9 of its levels.
You also visited: Ice Cave.

You collected 17591 gold pieces.
You spent 4112 gold pieces at shops.

Inventory:

Hand Weapons
 j - the +7 hand cannon "Mule" {flame, backblast, rF+}
   (You found it on level 7 of the Iron City of Dis)

   rF+:       It protects you from fire.
 R - a +9 hand cannon of holy wrath
 S - the +7 hand cannon "Moytiol" (weapon) {freeze, rElec rPois rCorr}
   (You acquired it on level 5 of the Lair of Beasts)

   rElec:     It insulates you from electricity.
   rPois:     It protects you from poison rCorr: It protects you from acid and
   corrosion.
Missiles
 D - 5 throwing nets
Armour
 a - a scarf of resistance (worn)
 c - a +5 kite shield of resistance (worn)
 q - a +2 pair of gloves (worn)
 v - quicksilver dragon scales (worn)
 M - a +2 pair of boots (worn)
Jewellery
 i - a ring of wizardry
 r - the macabre finger necklace {Finger+ rN+}
   (You found it on level 5 of the Pits of Slime)

   [amulet of nothing]

   Finger+:   It enables you to equip an extra ring.
   rN+:       It protects you from negative energy.
 x - an amulet of guardian spirit
 F - a +4 ring of slaying (left hand)
 W - the amulet of Kanudgh (around neck) {Reflect Contam Fly rC+ SH+5}
   (You found it in an ice cave)

   [amulet of reflection]

   Reflect:   It reflects blocked missile attacks.
   rC+:       It protects you from cold.
   Fly:       It grants you flight.
   Contam:    It causes magical contamination when unequipped.
   SH+5:      It affects your SH (+5).
 X - a +5 ring of evasion (right hand)
Wands
 e - a wand of roots (28)
 m - a wand of polymorph (50)
 u - a wand of flame (185)
 G - a wand of charming (111)
 I - a wand of mindburst (64)
 P - a wand of quicksilver (12)
 Z - a wand of digging (25)
Scrolls
 b - 3 scrolls of butterflies
 d - a scroll of fog
 h - 8 scrolls of teleportation
 o - 11 scrolls of immolation
 p - 3 scrolls of vulnerability
 s - 5 scrolls of enchant armour
 t - 10 scrolls of fear
 C - 6 scrolls of poison
 J - 6 scrolls of silence
 N - 5 scrolls of brand weapon
 O - 13 scrolls of enchant weapon
Potions
 f - 9 potions of berserk rage
 g - 2 potions of cancellation
 k - 12 potions of ambrosia
 l - 22 potions of curing
 z - 10 potions of brilliance
 B - 14 potions of might
 E - 17 potions of mutation
 K - 11 potions of attraction
 L - 8 potions of resistance
 Q - 10 potions of enlightenment
 T - 3 potions of lignification
 V - 3 potions of magic
Miscellaneous
 n - a lightning rod (4/4)
 w - a sack of spiders
 y - a condenser vane
 A - a figurine of a ziggurat
 U - a phial of floods
 Y - a phantom mirror


   Skills:
 O Level 27 Fighting
 O Level 27 Ranged Weapons
 - Level 23.0 Armour
 O Level 27 Dodging
 - Level 0.8 Stealth
 O Level 27 Shields
 - Level 10.2 Spellcasting
 - Level 22.4 Translocations
 O Level 27 Invocations
 + Level 20.3 Evocations


You had 15 spell levels left.
You knew the following spells:

 Your Spells              Type           Power      Damage    Failure   Level
a - Blink                 Tloc           100%       N/A       0%          2
b - Teleport Other        Tloc           50%        N/A       0%          3
c - Passage of Golubria   Tloc           50%        N/A       1%          4
d - Dispersal             Tloc           25%        N/A       1%          6
e - Volatile Blastmotes   Fire/Tloc      54%        2d14      1%          3
f - Summon Forest         Summ/Tloc      13%        N/A       4%          5
g - Disjunction           Tloc           25%        N/A       12%         8

Your spell library contained the following spells:

 Spells                   Type           Power      Damage    Failure   Level
 Apportation              Tloc           100%       N/A       0%          1
 Lesser Beckoning         Tloc           100%       N/A       0%          2
 Gell's Gravitas          Tloc           50%        N/A       0%          3
 Momentum Strike          Conj/Tloc      54%        3d9       1%          2
 Dimensional Bullseye     Hex/Tloc       13%        N/A       1%          4
 Iskenderun's Mystic Bla  Conj/Tloc      27%        2d7       1%          4
 Manifold Assault         Tloc           50%        N/A       1%          4
 Vhi's Electric Charge    Tloc/Air       54%        N/A       1%          4
 Foxfire                  Conj/Fire      20%        2x1d5     19%         1
 Freeze                   Ice            20%        1d4       19%         1
 Kiss of Death            Conj/Necr      20%        2d7       19%         1
 Magic Dart               Conj           20%        1d4       19%         1
 Necrotise                Necr           20%        1d5       19%         1
 Sandblast                Erth           10%        2d5       19%         1
 Shock                    Conj/Air       20%        1d4       19%         1
 Slow                     Hex            20%        N/A       19%         1
 Sting                    Tmut/Pois      20%        1d4       19%         1
 Summon Small Mammal      Summ           20%        N/A       19%         1
 Call Imp                 Summ           10%        N/A       28%         2
 Cigotuvi's Dreadful Rot  Necr/Pois/Air  10%        N/A       28%         2
 Ensorcelled Hibernation  Hex/Ice        10%        N/A       28%         2
 Jinxbite                 Hex            10%        N/A       28%         2
 Passwall                 Tmut/Erth      4%         N/A       28%         2
 Poisonous Vapours        Pois/Air       10%        N/A       28%         2
 Searing Ray              Conj           10%        2d4       28%         2
 Static Discharge         Conj/Air       10%        2-3/arc   28%         2
 Sublimation of Blood     Necr           5%         N/A       28%         2
 Wereblood                Tmut           5%         N/A       28%         2
 Call Canine Familiar     Summ           5%         N/A       50%         3
 Confusing Touch          Hex            5%         N/A       50%         3
 Dazzling Flash           Conj/Hex       10%        N/A       50%         3
 Frozen Ramparts          Ice            10%        1d2       50%         3
 Hailstorm                Conj/Ice       5%         3d4       50%         3
 Ignite Poison            Fire/Tmut/Pois 5%         N/A       50%         3
 Inner Flame              Hex/Fire       5%         N/A       50%         3
 Mephitic Cloud           Conj/Pois/Air  5%         N/A       50%         3
 Ozocubu's Armour         Ice            5%         N/A       50%         3
 Sigil of Binding         Hex            5%         N/A       50%         3
 Stone Arrow              Conj/Erth      10%        3d7       50%         3
 Summon Guardian Golem    Hex/Summ       5%         N/A       50%         3
 Swiftness                Air            5%         N/A       50%         3
 Tukima's Dance           Hex            5%         N/A       50%         3
 Vampiric Draining        Necr           5%         2d6       50%         3
 Airstrike                Air            2%         2d(1-17)  88%         4
 Anguish                  Hex/Necr       2%         N/A       88%         4
 Animate Dead             Necr           5%         N/A       88%         4
 Cause Fear               Hex            2%         N/A       88%         4
 Dispel Undead            Necr           5%         3d7       88%         4
 Flame Wave               Conj/Fire      5%         2d5       88%         4
 Fulminant Prism          Conj/Hex       2%         3d5       88%         4
 Leda's Liquefaction      Hex/Erth       2%         N/A       88%         4
 Olgreb's Toxic Radiance  Pois           5%         N/A       88%         4
 Petrify                  Tmut/Erth      5%         N/A       88%         4
 Sticky Flame             Conj/Fire      5%         2d3       88%         4
 Summon Ice Beast         Ice/Summ       5%         N/A       88%         4
 Summon Lightning Spire   Summ/Air       5%         N/A       88%         4
 Agony                    Necr           5%         N/A       99%         5
 Alistair's Intoxication  Tmut/Pois      3%         N/A       99%         5
 Arcjolt                  Conj/Air       2%         1d12      99%         5
 Borgnjor's Vile Clutch   Necr/Erth      2%         N/A       99%         5
 Fireball                 Conj/Fire      2%         3d4       99%         5
 Freezing Cloud           Conj/Ice/Air   2%         6-21      99%         5
 Iskenderun's Battlesphe  Conj           5%         2d6       99%         5
 Lee's Rapid Deconstruct  Erth           2%         3d5*      99%         5
 Metabolic Englaciation   Hex/Ice        2%         N/A       99%         5
 Silence                  Hex/Air        2%         N/A       99%         5
 Yara's Violent Unravell  Hex/Tmut       2%         3d3       99%         5
 Conjure Ball Lightning   Conj/Air       2%         3x3d6     100%        6
 Death Channel            Necr           2%         N/A       100%        6
 Eringya's Noxious Bog    Tmut/Pois      2%         4d6       100%        6
 Leda's Unmaking          Conj/Erth      2%         9d1       100%        6
 Plasma Beam              Fire/Air       2%         2x1d12    100%        6
 Simulacrum               Ice/Necr       2%         N/A       100%        6
 Starburst                Conj/Fire      2%         6d3       100%        6
 Summon Cactus Giant      Summ           2%         N/A       100%        6
 Enfeeble                 Hex            2%         N/A       100%        7
 Haunt                    Necr/Summ      2%         N/A       100%        7
 Orb of Destruction       Conj           2%         9d5       100%        7
 Ozocubu's Refrigeration  Ice            2%         4d8       100%        7
 Spellforged Servitor     Conj/Summ      2%         N/A       100%        7
 Summon Hydra             Summ           2%         N/A       100%        7
 Discord                  Hex            2%         N/A       100%        8
 Ignition                 Fire           2%         3d3       100%        8
 Infestation              Necr           2%         N/A       100%        8
 Lehudib's Crystal Spear  Conj/Erth      2%         10d2      100%        8
 Maxwell's Capacitive Co  Air            2%         ∞         100%        8
 Summon Horrible Things   Summ           2%         N/A       100%        8
 Chain Lightning          Conj/Air       2%         3d3       100%        9
 Dragon's Call            Summ           2%         N/A       100%        9
 Shatter                  Erth           2%         3d6*      100%        9


Dungeon Overview and Level Annotations

Branches:
Dungeon (15/15)            Temple (1/1) D:7            Lair (5/5) D:11
  Swamp (4/4) Lair:3       Spider (4/4) Lair:3        Slime (5/5) Lair:4
    Orc (2/2) D:11            Elf (3/3) Orc:2        Vaults (5/5) D:14
  Crypt (3/3) Vaults:3       Tomb (3/3) Crypt:3      Depths (4/4) D:15
   Hell (visited)             Dis (7/7) Hell            Geh (7/7) Hell
    Coc (7/7) Hell            Tar (7/7) Hell            Zot (5/5) Depths:4
  IceCv (visited)

Altars:
Ashenzari
Cheibriados
Dithmenos
Elyvilon
Fedhas
Gozag
Hepliaklqana
Kikubaaqudgha
Makhleb
Nemelex Xobeh
Okawaru
Qazlal
Ru
Sif Muna
Trog
Uskayaw
Vehumet
Wu Jian
Xom
Yredelemnul
Zin
The Shining One
Jiyva
Lugonu

Shops:
D:7 ?   D:8 (   D:13 =   D:14 *   Orc:2 [((!   Elf:1 :!((   Elf:2 !=!*(
Elf:3 [   Vaults:4 (   Depths:3 ::=

Portals:
Hell: Depths:1 Depths:2 Depths:3 Depths:4
Abyss: Depths:3 Depths:4
Pandemonium: Depths:2

Annotations:
D:7 exclusion: upstairs
Temple 2 transporters
Vaults:3 Mennas
Dis:7 Dispater
Tar:3 34 runed doors
Zot:2 2 transporters, exclusion: orange crystal statue, Parghit
Zot:3 Boris


Innate Abilities, Weirdness & Mutations

You are amphibious.
You cover ground slowly.
You can hop long distances.
You have an extended range of vision and can be seen from far away.
You have a pair of small antennae on your head.
You are strong-willed. (Will+)
You are somewhat resistant to further mutation.
You expend magic power (3 MP) to strengthen your wands.


Message History

There is a stone staircase leading up here.
You fly upwards.
There is a stone staircase leading down here.
There is an open door here.
There is a stone staircase leading up here.
You fly upwards.
There is a stone staircase leading down here.
There is a stone staircase leading up here.
You fly upwards.
There is a stone staircase leading down here.
An Orb Guardian comes into view.
You shoot a bolt. The bolt hits the Orb Guardian!
The bolt freezes the Orb Guardian.
The Orb Guardian is lightly wounded.
You shoot a bolt. The bolt hits the Orb Guardian!!
The bolt freezes the Orb Guardian!
The Orb Guardian is severely wounded.
You shoot a bolt.
The bolt hits the Orb Guardian but does no damage.
The Orb Guardian is severely wounded.
You shoot a bolt.
The bolt closely misses the Orb Guardian.
The Orb Guardian hits you.
You shoot a bolt.
The bolt hits the Orb Guardian but does no damage.
The Orb Guardian is heavily wounded.
You block the Orb Guardian's attack. x2
You shoot a bolt. The bolt hits the Orb Guardian!!
The bolt freezes the Orb Guardian!
The Orb Guardian is almost dead.
You block the Orb Guardian's attack.
You shoot a bolt. The bolt hits the Orb Guardian.
The bolt freezes the Orb Guardian.
The Orb Guardian is almost dead.
You block the Orb Guardian's attack. The Orb Guardian hits you!!
You shoot a bolt. The bolt hits the Orb Guardian!!!
The bolt freezes the Orb Guardian.
You kill the Orb Guardian!
There is a staircase leading out of the dungeon here.
You have escaped!

#....#.......#
#########.#..#.......#
#..........#.#..♣♣♣..#
####
#........>.#.#..'_♣..#
...#
#..#######.#.#..♣♣♣..#
.#.# ########
#.#.#.......# .#.#
#......# #.#.#.......#
.#.# ##.#..##
#.#.####'#### .#.#
#..##.@# #.#..........
.#.# ###.#.###
#........###. .#.#
##....## ########.....
.#.# ##..#.## ######
#### #..#### ### ..##
#.#.# #### #.^
##.#####..## #..# #.#
.#...#....# ##.## #.#
.##.#.#######.## #.#


There were no monsters in sight!

Vanquished Creatures
  Antaeus (Coc:7)
  the Royal Jelly (Slime:5)
  Asmodeus (Geh:7)
  Dissolution (Slime:2)
  Ereshkigal (Tar:7)
  Gloorx Vloq (Pan)
  Lom Lobon (Pan)
  the Serpent of Hell (Tar:7)
  Mnoleg (Pan)
  7 dread liches
  13 ancient liches
  Mara (Spider:4)
  An orb of fire (Zot:5)
  A juggernaut (Depths:4)
  4 pandemonium lords
  14 royal mummies
  Boris (twice) (Vaults:3 Vaults:5)
  13 shard shrikes
  3 Killer Klowns
  Saint Roka (Orc:2)
  35 caustic shrikes
  2 curse toes (Zot:5)
  10 golden dragons
  Norris (Vaults:3)
  Jory (Crypt:1)
  24 profane servitors
  29 bone dragons
  16 Tzitzimimeh
  2 electric golems (Zot:5)
  Arachne (Spider:2)
  7 iron giants
  10 doom hounds
  21 hellephants
  14 Brimstone Fiends
  18 tentacled monstrosities
  Jorgrun (Spider:1)
  17 Hell Sentinels
  27 tainted leviathans
  2 spectral shard shrikes
  Mlioglotl (Spider:1)
  23 Orb Guardians
  28 Ice Fiends
  4 liches
  19 searing wretches
  Asterion (Vaults:3)
  9 titans
  A deep elf blademaster (Elf:2)
  A walking earthen tome (Depths:2)
  16 quicksilver dragons
  13 acid blobs
  11 sphinxes
  14 death cobs
  Murray (Hell)
  34 ancient champions
  34 Executioners (Pan)
  Gastronok (Lair:1)
  An eldritch tentacle (Tomb:3)
  6 shadow dragons
  12 storm dragons
  2 thorn hunters (Swamp:4)
  Kirke (Lair:4)
  Donald (Swamp:4)
  7 tengu reavers
  6 demonspawn warmongers (Pan)
  2 revenants
  Aizul (Swamp:3)
  11 azure jellies
  5 rockslimes
  2 fenstrider witches (Swamp:1)
  6 deep elf sorcerers (Elf:3)
  13 draconian knights
  15 quicksilver elementals
  6 iron dragons
  15 narguns
  6 emperor scorpions
  7 frost giants
  12 draconian monks
  18 fire giants
  4 curse skulls
  12 vault wardens
  A deep elf elementalist (Elf:3)
  11 ghost moths
  7 draconian scorchers
  3 spectral juggernauts
  9 draconian shifters
  51 balrugs
  16 cacodemons (Pan)
  3 orc warlords
  10 draconian annihilators
  A spriggan defender (Depths:2)
  4 draconian stormcallers
  2 angels
  6 shard shrike simulacra
  39 war gargoyles
  24 reapers
  7 ghouls
  A demonspawn corrupter (Pan)
  12 ironbound preservers
  11 quicksilver oozes
  2 demonspawn blood saints (Pan)
  A juggernaut skeleton (Crypt:3)
  7 very ugly things
  5 ironbound thunderhulks
  4 formless jellyfish
  22 green draconians
  14 stone giants
  13 vampire knights
  Nessos (Lair:4)
  5 eleionomae
  3 deep elf demonologists
  12 black draconians
  19 elemental wellsprings
  4 spark wasps
  6 bennus
  4 demonspawn black suns (Pan)
  7 deep elf annihilators
  22 lorocyprocas
  11 red draconians
  9 starcursed masses
  13 yellow draconians
  33 putrid mouths
  A bunyip (Swamp:3)
  14 white draconians
  28 purple draconians
  2 spectral titans
  3 spectral quicksilver dragons
  16 wendigos
  10 eidola
  3 crystal guardians
  15 dire elephants
  5 deep elf death magi
  10 blizzard demons
  16 iron golems
  A spectral golden dragon (Tar:7)
  A merfolk javelineer (Depths:1)
  2 spectral krakens (Tar:7)
  23 mummy priests
  12 green deaths (Pan)
  A quicksilver dragon zombie (Crypt:1)
  15 ettins
  6 fire dragons
  4 shambling mangroves
  6 entropy weavers
  3 jiangshi (Crypt:2)
  23 yaktaur captains
  5 rakshasas
  7 deep elf high priests
  2 spriggan zombies
  2 spectral spriggans (Tar:3)
  7 great orbs of eyes
  A peacekeeper (Vaults:3)
  Harold (Lair:1)
  2 jorogumos
  A quicksilver dragon skeleton (Crypt:3)
  10 caustic shrike simulacra
  17 salamander tyrants
  A fenstrider witch zombie (Crypt:1)
  20 vault guards
  5 hell beasts
  2 ice dragons
  An ogre mage (Vaults:5)
  16 hydras
  3 ironbound frosthearts
  3 spriggan air magi
  A radroach (Spider:2)
  4 stokers
  13 boulder beetles
  6 alligators
  2 death knights
  Erica (D:8)
  A naga warrior (Zig:8)
  3 spriggan skeletons
  3 juggernaut simulacra
  2 ghost crabs
  A fenstrider witch skeleton (Crypt:1)
  3 spectral stone giants
  2 centaur warriors
  33 dancing weapons
  4 two-headed ogres
  6 death yaks
  A bennu zombie (Crypt:2)
  26 death scarabs
  20 tengu warriors
  6 deep troll earth magi
  27 hell hogs
  4 deep troll shamans
  6 vampire magi
  26 demonic crawlers
  3 thrashing horrors
  A sphinx skeleton (Depths:1)
  4 spectral dire elephants
  A naga sharpshooter (Zig:8)
  7 spriggan berserkers
  21 hell knights
  82 sun demons
  8 crystal echidnas
  Nergalle (Lair:1)
  2 shock serpents (Zig:8)
  2 titan skeletons
  3 wretched stars (Zig:5)
  32 soul eaters
  11 deep elf knights
  5 spriggans
  11 iron trolls
  A cherub (Zig:1)
  4 pharaoh ants
  16 sixfirhies
  A bunyip zombie (Crypt:3)
  4 flayed ghosts
  A spectral anaconda (Tar:3)
  2 spectral bunyips
  10 shadow wraiths
  3 quicksilver dragon simulacra
  2 sun moths (Spider:4)
  5 goliath frogs
  41 skeletal warriors
  3 skysharks
  7 deep elf archers
  An obsidian statue (IceCv)
  A spectral hydra (Swamp:4)
  2 naga ritualists (Zig:8)
  3 spriggan druids
  3 glowing orange brains (Pan)
  10 orb spiders
  5 spriggan simulacra
  4 phantasmal warriors
  6 shadow demons
  6 swamp dragons
  A storm dragon skeleton (Depths:1)
  A spectral iron dragon (Tar:6)
  3 lindwurms
  9 bog bodies
  8 ironbound convokers
  53 deep trolls
  A goliath frog zombie (Crypt:2)
  A bunyip skeleton (Crypt:1)
  Pikel (D:6)
  3 steelbarb worms
  12 wizards
  7 orc knights
  5 anaconda skeletons
  2 orange crystal statues (Hell)
  14 deep elf zephyrmancers
  3 harpies (Vaults:3)
  7 shining eyes
  An alligator zombie (Hell)
  15 necromancers
  A stone giant zombie (Crypt:2)
  17 deep elf pyromancers
  2 wolf spiders (shapeshifter)
  4 oklob plants
  14 wolf spiders
  59 large abominations
  7 orc sorcerers (Orc:2)
  25 ugly things
  A manticore (D:13)
  6 will-o-the-wisps
  3 cyclopes
  30 moths of wrath
  A salamander (Zig:8)
  3 rust devils
  2 spectral ettins
  A human skeleton (Crypt:2)
  2 fire giant skeletons
  A spectral centaur (Tar:2)
  A dire elephant zombie (Tomb:1)
  A stone giant skeleton (Pan)
  A guardian serpent (Zig:8)
  17 vault sentinels
  3 torpor snails
  A cane toad (shapeshifter) (Vaults:5)
  4 titan simulacra
  2 ice statues
  10 black mambas
  28 orange demons
  4 centaur skeletons
  35 smoke demons
  A naga mage (Zig:8)
  A gargoyle (D:13)
  18 molten gargoyles
  A storm dragon simulacrum (Coc:1)
  Maggie (D:9)
  17 cane toads
  A kobold demonologist (D:11)
  A minotaur zombie (Tomb:3)
  An elf skeleton (Vaults:3)
  An unseen horror zombie (Crypt:2)
  An unseen horror (Pan)
  10 efreet (Pan)
  2 dire elephant skeletons
  9 komodo dragons
  8 freezing wraiths
  25 tormentors
  11 spectral swamp worms (Tar:7)
  2 bunyip simulacra
  32 hellions
  4 tengu conjurers
  A spectral naga (Tar:3)
  5 anaconda simulacra
  7 iron giant simulacra
  3 golden dragon simulacra
  11 yaktaurs
  An ancient zyme (Abyss:3)
  4 rime drakes
  8 red devils
  A sea snake skeleton (Hell)
  29 guardian mummies
  2 alligator snapping turtle skeletons
  2 meliai
  10 ice devils
  An unseen horror skeleton (Crypt:2)
  A black draconian skeleton (Crypt:1)
  2 death drake zombies (Swamp:4)
  2 spectral harpies
  11 hornets
  3 tyrant leeches
  A queen bee (shapeshifter) (Vaults:5)
  5 trolls
  A yellow draconian skeleton (Crypt:1)
  18 hellwings (Pan)
  A bloated husk (Swamp:3)
  6 polar bears
  26 tarantellas
  A raiju (Abyss:3)
  4 hydra zombies
  A culicivora zombie (Crypt:1)
  9 blink frogs
  Prince Ribbit (D:8)
  7 harpy skeletons
  9 dream sheep
  An iron dragon simulacrum (Coc:5)
  45 slime creatures
  A spectral black mamba (Tar:1)
  2 stone giant simulacra
  An ettin zombie (Vaults:3)
  A spriggan (shapeshifter) (Elf:3)
  A black mamba zombie (Crypt:3)
  35 flying skulls
  Sigmund (D:6)
  A guardian serpent skeleton (Crypt:2)
  A centaur simulacrum (D:15)
  13 jumping spiders
  7 water elementals
  6 air elementals (Elf:3)
  15 culicivoras
  A vampire (D:13)
  42 ynoxinuls
  2 ettin skeletons
  45 yaks
  5 humans (D:14)
  8 dire elephant simulacra
  3 wraiths
  4 shadows
  3 hogs
  5 basilisks
  14 wyverns
  A redback (shapeshifter) (Vaults:5)
  39 neqoxecs (Pan)
  18 ushabtiu
  8 fire elementals
  9 golden eyes
  18 chaos spawn
  A steam dragon (Lair:1)
  38 redbacks
  15 vampire mosquitoes
  21 harpy simulacra
  5 wargs
  6 swamp worms
  6 minotaur simulacra (IceCv)
  A spatial vortex (Abyss:3)
  5 acid dragons
  29 water moccasins
  6 hydra simulacra
  An acid dragon (shapeshifter) (Zot:3)
  2 nagas (Zig:8)
  2 floating eyes (Pan)
  A glowing shapeshifter skeleton (Depths:1)
  5 naga skeletons
  A black bear (Lair:2)
  2 hell hounds (Hell)
  29 orc warriors
  A deep troll skeleton (Pan)
  An ice beast (D:7)
  7 ettin simulacra
  A swamp dragon zombie (Swamp:4)
  An entropy weaver zombie (Crypt:1)
  A sky beast (D:7)
  3 swamp drakes
  A small abomination (Abyss:3)
  5 ogres
  4 boggarts (Vaults:4)
  24 wolves
  4 centaurs (D:12)
  16 kobold brigands
  A lemure (D:6)
  2 necrophages
  Blork the orc (D:6)
  6 earth elementals (Elf:3)
  22 bullfrogs
  A gnoll sergeant (D:8)
  10 deep troll simulacra (IceCv)
  2 scorpions
  7 wights
  A troll zombie (D:11)
  A lindwurm simulacrum (IceCv)
  12 killer bees
  A polar bear skeleton (Crypt:1)
  An electric eel (Spider:2)
  8 crimson imps (Pan)
  6 iron imps (Geh:1)
  20 orc priests
  4 hounds
  A sleepcap (D:8)
  Jessica (D:2)
  A bullfrog skeleton (Crypt:2)
  2 gnoll boudas (D:8)
  A scorpion zombie (Crypt:1)
  Terence (D:3)
  23 orc wizards
  4 iguanas
  2 ogre zombies (D:11)
  48 mummies
  17 gnolls
  2 river rats (D:12)
  A shadow imp (D:5)
  10 adders
  A swamp drake skeleton (Crypt:2)
  An ufetubus (D:5)
  An adder zombie (Crypt:1)
  3 worms
  5 dart slugs
  108 orcs
  5 ball pythons
  11 endoplasms
  4 giant cockroaches
  11 goblins
  5 hobgoblins
  A jackal (D:2)
  3 quokkas
  5 bats
  2 frilled lizards
  A goblin skeleton (Crypt:2)
  3 goblin zombies (D:11)
  A hobgoblin skeleton (D:11)
  3 hobgoblin zombies (D:11)
  20 kobolds
  An orc skeleton (D:11)
  9 orc zombies (D:11)
  3 rats
  5 creeping infernos
  16 fire vortices
  A lurking horror (Abyss:3)
  3 tentacles (Tar:7)
3813 creatures vanquished.

Vanquished Creatures (collateral kills)
  Cerebov (Pan)
  An orb of fire (Zot:5)
  Boris (twice) (Crypt:3 Tomb:3)
  A shard shrike (Coc:7)
  Geryon (Hell)
  A caustic shrike (Dis:3)
  A golden dragon (Depths:4)
  A Tzitzimitl (Pan)
  2 bone dragons
  2 iron giants (Dis:3)
  3 pandemonium lords (Pan)
  A walking earthen tome (Depths:3)
  A tentacled monstrosity (Swamp:3)
  A Hell Sentinel (Pan)
  4 Orb Guardians (Zot:5)
  The ghost of Tok Vil the Marksminotaur, an adept MiHu of Okawaru (Elf:1)
  6 titans
  A deep elf master archer (Elf:3)
  2 liches (Crypt:3)
  A quicksilver dragon (Vaults:5)
  3 acid blobs (Slime:5)
  An eldritch tentacle (Pan)
  A searing wretch (Geh:1)
  A kraken (Swamp:4)
  A sphinx (Depths:2)
  2 tentacled starspawn (Abyss:3)
  An Executioner (Pan)
  A death cob (Zot:4)
  A thorn hunter (Abyss:3)
  2 ancient champions
  2 storm dragons
  2 shadow dragons
  Roxanne (Spider:4)
  5 azure jellies
  A draconian monk (Zot:2)
  2 draconian knights
  A nargun (Coc:7)
  A fire giant (Depths:2)
  4 deep elf sorcerers (Elf:3)
  2 rockslimes (Slime:5)
  A frost giant (Vaults:5)
  A draconian scorcher (Zot:2)
  2 iron dragons
  3 vault wardens
  A curse skull (Zig:4)
  A ghost moth (Spider:4)
  A balrug (Pan)
  2 deep elf elementalists (Elf:3)
  3 draconian stormcallers
  2 draconian shifters
  8 ironbound preservers
  3 demonspawn corrupters (Pan)
  A ghoul (Crypt:3)
  8 cacodemons (Pan)
  5 war gargoyles
  A quicksilver ooze (Slime:5)
  2 reapers
  2 stone giants (Depths:2)
  2 vampire knights
  11 very ugly things
  A deep elf demonologist (Elf:3)
  2 black draconians
  An eleionoma (Swamp:4)
  4 ironbound thunderhulks
  2 deep elf annihilators (Elf:3)
  2 red draconians (Zot:2)
  3 lorocyprocas
  A spark wasp (Spider:3)
  2 dire elephants (Vaults:4)
  2 purple draconians
  A merfolk javelineer (Abyss:3)
  3 green deaths (Pan)
  3 ettins
  2 iron golems
  An eidolon (Vaults:3)
  2 crystal guardians (Crypt:3)
  3 deep elf death magi
  An entropy weaver (Vaults:3)
  4 yaktaur captains
  A shambling mangrove (Swamp:4)
  A spriggan zombie (Depths:1)
  6 great orbs of eyes
  7 vault guards
  A peacekeeper (Vaults:4)
  4 deep elf high priests
  3 hell beasts (Pan)
  7 hydras
  An ogre mage (D:15)
  A spriggan skeleton (Crypt:3)
  A jorogumo (Spider:4)
  A sphinx zombie (Depths:1)
  6 boulder beetles
  4 alligators
  3 ironbound frosthearts
  A centaur warrior (Vaults:2)
  A two-headed ogre (D:15)
  A spectral stone giant (Tar:2)
  6 dancing weapons
  A death yak (Lair:5)
  2 tengu warriors
  4 hell hogs
  2 hell knights (Crypt:3)
  4 spriggan berserkers
  A vampire mage (Depths:2)
  A titan zombie (Crypt:3)
  Urug (Lair:1)
  A demonic crawler (Spider:3)
  2 deep elf knights (Elf:2)
  8 soul eaters
  A wretched star (Abyss:3)
  Sonja (D:13)
  3 sun demons
  A shadow wraith (Depths:2)
  2 iron trolls
  A goliath frog (Swamp:1)
  7 sixfirhies (Pan)
  2 skysharks (Vaults:3)
  A sun moth (Spider:4)
  2 pharaoh ants
  9 swamp dragons
  9 large abominations (Pan)
  11 skeletal warriors
  A quicksilver dragon simulacrum (Depths:2)
  A spriggan druid (Swamp:4)
  A golden dragon zombie (Crypt:3)
  2 glowing orange brains
  2 flayed ghosts (Swamp:4)
  2 spriggan simulacra (IceCv)
  A spectral hydra (Swamp:4)
  14 deep trolls
  2 steelbarb worms
  4 orb spiders
  2 lindwurms (Vaults:2)
  A bog body (Swamp:2)
  2 phantasmal warriors
  4 necromancers
  A wizard (Vaults:4)
  6 deep elf archers
  An orc sorcerer (D:15)
  An orc knight (Orc:2)
  4 deep elf zephyrmancers
  An oklob plant (Swamp:4)
  A tengu zombie (Vaults:3)
  8 wolf spiders
  6 ironbound convokers
  3 deep elf pyromancers
  6 ugly things
  A shining eye (Pan)
  A worldbinder (Abyss:3)
  2 will-o-the-wisps
  2 moths of wrath
  A centaur zombie (Crypt:3)
  A frost giant skeleton (Depths:1)
  An apocalypse crab (Abyss:3)
  A spectral centaur (Tar:2)
  A black mamba (shapeshifter) (Elf:2)
  2 black mambas
  A fire giant skeleton (Vaults:3)
  A guardian serpent (Lair:5)
  2 vault sentinels
  An ice statue (Depths:2)
  7 orange demons (Pan)
  3 smoke demons (Pan)
  A kobold demonologist (Depths:1)
  2 cane toads
  An unseen horror (D:12)
  A dire elephant skeleton (Crypt:3)
  5 yaktaurs
  3 tormentors
  A komodo dragon (Lair:3)
  A tengu conjurer (Depths:4)
  5 ice devils
  An efreet (D:15)
  2 freezing wraiths
  An anaconda simulacrum (Coc:1)
  A golden dragon simulacrum (IceCv)
  3 guardian mummies (Tomb:3)
  A hydra zombie (Hell)
  2 death drake zombies (Swamp:4)
  2 trolls (D:11)
  6 tarantellas
  4 hornets
  A tyrant leech (Swamp:1)
  An alligator simulacrum (IceCv)
  2 death drake skeletons (Swamp:4)
  A hydra skeleton (Swamp:4)
  3 dream sheep (Lair:5)
  4 jumping spiders
  6 slime creatures
  16 flying skulls (Crypt:3)
  6 culicivoras
  6 ushabtiu (Tomb:3)
  3 ynoxinuls (Pan)
  6 water elementals (Elf:3)
  A vampire (D:14)
  A shadow (D:11)
  A dire elephant simulacrum (IceCv)
  A golden eye (Pan)
  5 humans (D:14)
  2 wyverns (Lair:5)
  15 yaks
  2 neqoxecs (Pan)
  A fire elemental (Elf:3)
  2 small abominations (Abyss:3)
  A chaos spawn (Pan)
  22 redbacks
  A vampire mosquito (D:15)
  3 swamp worms
  A minotaur simulacrum (IceCv)
  A hydra simulacrum (Swamp:4)
  2 water moccasins
  2 hell hounds (Hell)
  4 swamp drakes
  5 orc warriors
  A swamp dragon zombie (Swamp:4)
  5 wolves
  3 ettin simulacra
  A centaur (D:12)
  A lemure (D:6)
  A phantom (D:11)
  2 kobold brigands (D:8)
  An earth elemental (Elf:3)
  7 deep troll simulacra (IceCv)
  A necrophage (Crypt:3)
  A wight (D:9)
  A troll zombie (D:11)
  A killer bee (D:9)
  2 orc priests
  A starcursed mass (Abyss:3)
  A sleepcap (D:6)
  4 orc wizards
  2 ogre zombies (D:11)
  A mummy (Tomb:3)
  An adder (D:6)
  12 orcs
  3 kobolds (D:8)
  A hobgoblin skeleton (D:11)
  A hobgoblin zombie (D:11)
  A rat (D:9)
  3 fire vortices (Pan)
  2 tentacles (Swamp:4)
639 creatures vanquished.

Vanquished Creatures (others)
  A royal mummy (Tomb:3)
  A balrug (Hell)
  A yellow draconian (Zot:4)
  An elemental wellspring (Coc:2)
  A mummy priest (Tomb:3)
  A tengu warrior (Depths:2)
  A deep elf archer (Elf:3)
  A deep elf zephyrmancer (Elf:2)
  5 yaktaurs
  3 guardian mummies (Tomb:3)
  A bloated husk (Swamp:2)
  An iron dragon simulacrum (Coc:7)
  A naga simulacrum (Coc:3)
  An ushabti (Tomb:3)
  A human (D:14)
  A harpy simulacrum (Coc:4)
  An ettin simulacrum (Depths:2)
  35 knights
  2 ancestors (D:8)
  5 mummies (Tomb:3)
  An orc (D:7)
  9 ball lightnings (Pan)
  A fire vortex (Pan)
  30 foxfires
  2 starspawn tentacles (Abyss:3)
  23 tentacles
131 creatures vanquished.

Grand Total: 4583 creatures vanquished

Notes
Turn   | Place    | Note
-------+----------+-------------------------------------------
     0 | D:1      | JavaGenius the Barachi Hunter began the quest for the Orb.
     0 | D:1      | Reached XP level 1. HP: 17/17 MP: 1/1
   286 | D:1      | Reached XP level 2. HP: 15/23 MP: 2/2
   421 | D:1      | Found a faded altar of an unknown god.
   771 | D:1      | Reached XP level 3. HP: 28/28 MP: 3/3
   939 | D:2      | Reached skill level 5 in Ranged Weapons
  1130 | D:2      | Noticed Jessica
  1133 | D:2      | Killed Jessica
  1134 | D:2      | Reached XP level 4. HP: 34/34 MP: 4/4
  1738 | D:2      | Reached XP level 5. HP: 39/39 MP: 5/5
  1987 | D:3      | Noticed Terence
  2794 | D:3      | Killed Terence
  2869 | D:4      | Noticed a water elemental
  2872 | D:4      | Found a stormy altar of Qazlal.
  2873 | D:4      | Noticed a fire elemental
  2873 | D:4      | Noticed an air elemental
  3130 | D:4      | Reached XP level 6. HP: 46/46 MP: 6/6
  4000 | D:5      | Entered Level 5 of the Dungeon
  4232 | D:5      | Reached XP level 7. HP: 51/51 MP: 7/7
  4232 | D:5      | Found a radiant altar of Vehumet.
  4447 | D:5      | Found an ornate altar of the Wu Jian Council.
  5274 | D:6      | Found an opulent altar of Gozag.
  5274 | D:6      | Found a broken altar of Ashenzari.
  5286 | D:7      | Found a staircase to the Ecumenical Temple.
  5296 | Temple   | Found a transporter.
  5296 | Temple   | Found a transporter.
  5296 | Temple   | Found a transporter.
  5296 | Temple   | Found a transporter.
  5296 | Temple   | Entered the Ecumenical Temple
  5312 | Temple   | Became a worshipper of Hepliaklqana the Forgotten
  5520 | D:6      | Noticed a yak
  5520 | D:6      | Noticed a yak
  5520 | D:6      | Noticed a yak
  5521 | D:6      | Noticed a yak
  5586 | D:7      | Reached XP level 8. HP: 57/57 MP: 8/8
  5612 | D:6      | Noticed Sigmund
  5621 | D:6      | Killed Sigmund
  5622 | D:6      | Reached skill level 5 in Dodging
  5770 | D:7      | Found Caxaos's Magic Scroll Shoppe.
  6165 | D:7      | Found a shimmering altar of Xom.
  6543 | D:8      | Reached * piety under Hepliaklqana
  6787 | D:8      | Reached XP level 9. HP: 60/60 MP: 9/9
  6790 | D:8      | Found Yhehon's Weapon Emporium.
  6807 | D:8      | Reached skill level 5 in Fighting
  6808 | D:8      | Bought a +0 longbow for 97 gold pieces
  6923 | D:8      | Noticed Erica
  6933 | D:8      | Killed Erica
  6934 | D:8      | Reached skill level 10 in Ranged Weapons
  7345 | D:8      | Noticed Prince Ribbit
  7354 | D:8      | Killed Prince Ribbit
  7383 | D:8      | Noticed a hornet
  7390 | D:8      | Paralysed by a hornet for 3 turns
  7410 | D:8      | Killed a hornet
  7550 | D:8      | Reached XP level 10. HP: 60/66 MP: 10/10
  8050 | D:6      | Noticed Pikel
  8054 | D:6      | Killed Pikel
  8388 | D:6      | Reached ** piety under Hepliaklqana
  8389 | D:6      | Remembered your ancestor Ankhesenamen as a knight
  8712 | D:6      | Noticed Blork the orc
  8716 | D:6      | Killed Blork the orc
  9381 | D:9      | Found a white marble altar of Elyvilon.
  9544 | D:9      | Noticed a boulder beetle
  9578 | D:9      | Killed a boulder beetle
  9579 | D:9      | Reached XP level 11. HP: 61/71 MP: 11/11
  9644 | D:9      | Noticed Maggie
  9652 | D:9      | Killed Maggie
  9728 | D:9      | Reached skill level 15 in Ranged Weapons
  9908 | D:9      | Noticed a moth of wrath
  9909 | D:9      | Found a bloodstained altar of Trog.
 10323 | D:10     | Entered Level 10 of the Dungeon
 10383 | D:10     | Found a hide-covered altar of Uskayaw.
 10387 | D:10     | Found a shimmering blue altar of Sif Muna.
 10424 | D:10     | Identified the +1 robe of Fortitude {Stlth+}
 10494 | D:10     | Found an ancient bone altar of Kikubaaqudgha.
 10502 | D:10     | Identified the +0 robe of the Pure Artisans {+Blink rElec}
 10939 | D:10     | Reached *** piety under Hepliaklqana
 11038 | D:10     | Identified the +10 mace "Idutizee" {venom, rElec rC+}
 11895 | D:11     | Found a staircase to the Orcish Mines.
 12374 | D:11     | Found a staircase to the Lair.
 12728 | D:11     | Reached XP level 12. HP: 77/77 MP: 12/12
 12746 | D:11     | Reached **** piety under Hepliaklqana
 13264 | Lair:1   | Entered Level 1 of the Lair of Beasts
 13275 | Lair:1   | Noticed Gastronok
 13522 | Orc:1    | Entered Level 1 of the Orcish Mines
 13555 | Orc:2    | Entered Level 2 of the Orcish Mines
 13555 | Orc:2    | Found a staircase to the Elven Halls.
 13961 | Orc:2    | Noticed an orc warlord
 13962 | Orc:2    | Noticed a sun demon
 14170 | Orc:2    | Reached ***** piety under Hepliaklqana
 14260 | Orc:2    | Found Ukamif's Distillery.
 14265 | Orc:2    | Bought a potion of haste for 160 gold pieces
 14340 | Orc:2    | Noticed Saint Roka
 14382 | Orc:1    | Noticed an orc high priest
 14575 | Orc:1    | You fall into a shaft and drop 1 floor!
 14594 | Orc:2    | Reached skill level 1 in Invocations
 14687 | Orc:2    | Killed an orc warlord
 14993 | Orc:2    | Gained mutation: You can hop long distances. [Barachi
                  | growth]
 14993 | Orc:2    | Reached XP level 13. HP: 90/90 MP: 13/16
 15066 | Lair:1   | Noticed Nergalle
 15076 | Lair:1   | Killed Nergalle
 15077 | Lair:1   | Reached skill level 5 in Invocations
 15088 | Lair:1   | Killed Gastronok
 15275 | Lair:1   | Noticed Urug
 15282 | Lair:1   | Killed Urug
 15664 | Lair:1   | Noticed Harold
 15668 | Lair:1   | Killed Harold
 16532 | Lair:2   | Reached skill level 10 in Dodging
 16958 | Lair:2   | Reached XP level 14. HP: 77/97 MP: 20/20
 17804 | Lair:3   | Reached ****** piety under Hepliaklqana
 17951 | Lair:3   | Found a hole to the Spider Nest.
 18249 | Lair:3   | Found a staircase to the Swamp.
 18249 | Lair:3   | Noticed an eleionoma
 18254 | Lair:3   | Killed an eleionoma
 18542 | Lair:4   | Noticed Nessos
 18559 | Lair:4   | Noticed Kirke
 18612 | Lair:4   | Killed Nessos
 18769 | Lair:4   | Noticed a sphinx
 18773 | Lair:4   | Killed Kirke
 18912 | Lair:4   | Found a staircase to the Slime Pits.
 19263 | Lair:5   | Entered Level 5 of the Lair of Beasts
 19319 | Lair:5   | Reached skill level 15 in Dodging
 19899 | Lair:5   | Reached XP level 15. HP: 67/101 MP: 15/21
 20963 | Lair:5   | Identified a scroll of acquirement
 20964 | Lair:5   | Acquired the +7 hand cannon "Moytiol" {freeze, rElec rPois
                  | rCorr}
 21279 | Orc:2    | Killed Saint Roka
 21574 | Orc:2    | Found Lihyoleb's Antique Weapon Boutique.
 21577 | Orc:2    | Found Vizxukui's Antique Armour Shop.
 21755 | Orc:2    | Found Kebbuoxu's Antique Weapon Emporium.
 21764 | Orc:2    | Bought a dazzling arbalest for 199 gold pieces
 21764 | Orc:2    | Identified the +10 arbalest of Termination {freeze, Int+5}
                  | (You bought it in a shop on level 2 of the Orcish Mines)
 21862 | Elf:1    | Entered Level 1 of the Elven Halls
 21866 | Elf:1    | Found Karajyon's Weapon Shop.
 21868 | Elf:1    | Found Foegul's Weapon Shop.
 21868 | Elf:1    | Found Kuotiene's Book Boutique.
 21871 | Elf:1    | Found Cepoa's Distillery.
 22039 | Elf:1    | Reached skill level 5 in Shields
 22200 | Elf:1    | Found a radiant altar of Vehumet.
 22714 | Elf:1    | Found a runed translucent door.
 22714 | Elf:1    | Found a shimmering altar of Xom.
 22714 | Elf:1    | Noticed Tok Vil's ghost (adept MiHu)
 22963 | Elf:2    | Found Zotupe's Assorted Antiques.
 22967 | Elf:2    | Found Geumacee's Distillery.
 23094 | Elf:2    | Found Cutitzui's Weapon Shoppe.
 23099 | Elf:2    | Found Zyhomioh's Jewellery Shoppe.
 24125 | D:13     | Reached XP level 16. HP: 108/108 MP: 22/22
 24189 | D:13     | Noticed Sonja
 24195 | D:13     | Reached skill level 10 in Shields
 24196 | D:13     | Killed Sonja
 24765 | D:13     | Found Ruteott's Jewellery Shoppe.
 24870 | D:14     | Found Kiepn's Assorted Antiques.
 24951 | D:14     | Found a frozen archway.
 24961 | IceCv    | Entered an ice cave
 25265 | IceCv    | Identified the amulet of Kanudgh {Reflect Contam Fly rC+
                  | SH+5}
 25747 | IceCv    | Noticed an Ice Fiend
 26133 | IceCv    | Reached skill level 5 in Evocations
 26133 | IceCv    | Reached XP level 17. HP: 111/112 MP: 23/23
 26391 | IceCv    | Killed an Ice Fiend
 26740 | IceCv    | Found the +8 frozen axe "Frostbite" {freeze, freezing
                  | cloud, *Noise Fly rC+}
 27470 | D:14     | Found a gate to the Vaults.
 27564 | D:15     | Entered Level 15 of the Dungeon
 27975 | Swamp:1  | Entered Level 1 of the Swamp
 28691 | Swamp:1  | Reached XP level 18. HP: 118/118 MP: 24/24
 29059 | Swamp:2  | Reached XP level 19. HP: 51/116 MP: 25/25
 29237 | Swamp:2  | Identified the +8 flail "Bosomes" {freeze, Dex+3}
 29595 | Swamp:3  | Noticed Aizul
 29605 | Swamp:3  | Killed Aizul
 29632 | Swamp:3  | Noticed a tentacled monstrosity
 29642 | Swamp:3  | Killed a tentacled monstrosity
 29676 | Swamp:3  | Reached skill level 1 in Armour
 30274 | Swamp:4  | Entered Level 4 of the Swamp
 30480 | Swamp:4  | Reached skill level 5 in Armour
 30492 | Swamp:4  | Identified the +1 robe of Wonderful Joy {Regen+}
 30543 | Swamp:4  | Identified the +0 kite shield "Kyzuhout" {-Tele rN+ Dex+4}
 30543 | Swamp:4  | Noticed Donald
 30558 | Swamp:4  | Killed Donald
 30898 | Swamp:4  | Noticed a tentacled monstrosity
 30904 | Swamp:4  | Killed a tentacled monstrosity
 31546 | Swamp:4  | Reached skill level 10 in Armour
 31918 | Swamp:4  | Identified the +10 flail of Disorder {antimagic, rF+ rC+
                  | rCorr Stlth+}
 32545 | Swamp:4  | Found a blossoming altar of Fedhas.
 32631 | Swamp:4  | Found a basalt altar of Yredelemnul.
 32644 | Swamp:4  | Got a decaying rune of Zot
 33006 | Spider:1 | Entered Level 1 of the Spider Nest
 33037 | Spider:1 | Noticed Jorgrun
 33048 | Spider:1 | Killed Jorgrun
 33368 | Spider:1 | Reached XP level 20. HP: 129/129 MP: 26/26
 33545 | Spider:1 | Noticed Mlioglotl
 33556 | Spider:1 | Killed Mlioglotl
 34478 | Spider:2 | Identified the +7 glaive of Overwhelming Force {vamp,
                  | Will+}
 34515 | Spider:2 | Identified the ring "Uweatev" {rF+ Will+ AC+4 Int+3 Dex-4}
 34599 | Spider:2 | Reached skill level 15 in Armour
 34646 | Spider:2 | Noticed Arachne
 34660 | Spider:2 | Killed Arachne
 35991 | Spider:4 | Entered Level 4 of the Spider Nest
 36589 | Spider:4 | Noticed Mara
 36597 | Spider:4 | Noticed JavaGenius's illusion
 37211 | Spider:4 | Noticed Roxanne
 37227 | Spider:4 | Killed Roxanne
 37308 | Spider:4 | Identified the +0 pair of gloves "Giocos Ceir" {Harm
                  | Rampage rElec Dex-2}
 37310 | Spider:4 | Got a gossamer rune of Zot
 37471 | Spider:4 | Noticed JavaGenius's illusion
 37479 | Spider:4 | Killed Mara
 37512 | Spider:4 | Reached skill level 15 in Shields
 38278 | D:15     | Reached XP level 21. HP: 135/135 MP: 27/27
 38686 | D:15     | Found a staircase to the Depths.
 39008 | Depths:1 | Entered Level 1 of the Depths
 39159 | Depths:1 | Found a gateway to Hell.
 39211 | Depths:1 | Reached skill level 10 in Fighting
 39917 | Depths:1 | Found a sacrificial altar of Ru.
 40695 | Depths:2 | Found a shadowy altar of Dithmenos.
 40695 | Depths:2 | Noticed a bone dragon
 40742 | Depths:2 | Reached skill level 15 in Fighting
 41403 | Depths:2 | Reached XP level 22. HP: 124/161 MP: 28/28
 41552 | Depths:2 | Found a shimmering altar of Xom.
 41569 | Depths:2 | Noticed a golden dragon
 41578 | Depths:2 | Killed a golden dragon
 41730 | Depths:2 | Found an ornate altar of the Wu Jian Council.
 41737 | Depths:2 | Found a one-way gate leading to the halls of Pandemonium.
 41776 | Depths:2 | Identified the +1 robe of Poaklaho {Will+}
 42084 | Depths:2 | Got the Almanac of Fetching Pestilence
 42165 | Depths:2 | Reached skill level 1 in Spellcasting
 42210 | Depths:2 | Found a glowing silver altar of Zin.
 42647 | Depths:3 | Noticed a golden dragon
 42651 | Depths:3 | Killed a golden dragon
 43036 | Depths:3 | Found a one-way gateway to a ziggurat.
 43108 | Depths:3 | Found Olill's Jewellery Boutique.
 43110 | Depths:3 | Found Lopataco's Book Emporium.
 43110 | Depths:3 | Found Fubycu's Book Emporium.
 43173 | Depths:3 | Reached skill level 5 in Spellcasting
 43179 | Depths:3 | Found a one-way gate to the infinite horrors of the Abyss.
 43692 | Depths:3 | Identified the ring "Jueczaro" {Fire Fly Will- rCorr Dex+5}
 43907 | Depths:4 | Entered Level 4 of the Depths
 44166 | Depths:4 | Noticed a golden dragon
 44179 | Depths:4 | Killed a golden dragon
 44749 | Depths:4 | Found a gate to the Realm of Zot.
 44833 | Depths:4 | Noticed a juggernaut
 44849 | Depths:4 | Killed a juggernaut
 44900 | Depths:4 | Identified the +2 ring mail of Omission {Will+}
 45032 | Depths:4 | Reached XP level 23. HP: 171/171 MP: 36/36
 45722 | Elf:2    | Found a runed translucent gate.
 45722 | Elf:2    | Found a runed translucent gate.
 45722 | Elf:2    | Found a runed translucent gate.
 45935 | Elf:2    | Found Ilikluot's Distillery.
 45948 | Elf:2    | Bought a potion of heal wounds for 100 gold pieces
 45948 | Elf:2    | Bought a potion of mutation for 160 gold pieces
 45948 | Elf:2    | Bought a potion of heal wounds for 100 gold pieces
 46721 | Elf:3    | Entered Level 3 of the Elven Halls
 47088 | Abyss:2  | Found a corrupted altar of Lugonu.
 47088 | Abyss:2  | Cast into level 2 of the Abyss (a deep elf sorcerer)
 47219 | Abyss:3  | Got an abyssal rune of Zot
 47264 | Abyss:3  | Noticed a dread lich
 47271 | Abyss:3  | Paralysed by something for 2 turns
 47276 | Abyss:3  | Gained mutation: Armour fits poorly on your strangely
                  | shaped body. [a cacodemon]
 47282 | Abyss:3  | Paralysed by something for 3 turns
 47291 | Abyss:3  | Killed a dread lich
 47329 | Elf:3    | Escaped the Abyss
 48009 | Elf:3    | Identified the +1 shortbow "Killer Bee's Regret" {drain,
                  | Dex+2}
 48027 | Elf:3    | Reached skill level 10 in Spellcasting
 48455 | Elf:3    | Got the Atlas of Clay and the Switch
 48462 | Elf:3    | Identified the +0 plate armour of Peek-a-Boo {Rampage rN++
                  | Dex-5}
 48472 | Elf:3    | Identified the +0 scale mail of Dithmenos's Regard {rN+}
 48712 | Elf:3    | Reached skill level 1 in Translocations
 48717 | Elf:3    | Found Goym's Armour Shop.
 48801 | Elf:3    | Paralysed by an air elemental for 1 turns
 48805 | Elf:3    | Paralysed by an air elemental for 1 turns
 48909 | Elf:3    | Got the Folio of Turbulence
 49028 | Elf:3    | Acquired a manual of Shields
 49353 | Vaults:1 | Entered Level 1 of the Vaults
 49492 | Vaults:1 | Learned a level 2 spell: Blink
 49516 | Vaults:1 | Reached XP level 24. HP: 156/177 MP: 37/37
 49578 | Vaults:1 | Reached skill level 5 in Translocations
 50663 | Vaults:1 | Learned a level 3 spell: Teleport Other
 50668 | Vaults:1 | Learned a level 4 spell: Passage of Golubria
 50839 | Vaults:2 | Reached skill level 10 in Translocations
 52456 | Vaults:3 | Noticed Asterion
 52460 | Vaults:3 | Killed Asterion
 53569 | Vaults:3 | Noticed Norris
 53572 | Vaults:3 | Reached skill level 15 in Translocations
 53575 | Vaults:3 | Killed Norris
 53578 | Vaults:3 | Reached XP level 25. HP: 183/183 MP: 37/37
 53677 | Vaults:3 | Found a staircase to the Crypt.
 55012 | Vaults:4 | Learned a level 6 spell: Dispersal
 55016 | Vaults:4 | Learned a level 3 spell: Volatile Blastmotes
 55519 | Vaults:4 | Found Vitauv's Weapon Emporium.
 56402 | Elf:1    | Killed Tok Vil's ghost
 56405 | Elf:1    | Identified the +0 ring mail of Duenaben {Will- Int+5}
 56408 | Elf:1    | Identified the +0 robe of Music {MP-9 Str+5}
 56627 | Temple   | Fell from the grace of Hepliaklqana
 56627 | Temple   | Became a worshipper of the Shining One
 57006 | Crypt:1  | Entered Level 1 of the Crypt
 57006 | Crypt:1  | Noticed Boris
 57012 | Vaults:3 | Killed Boris
 57190 | Crypt:1  | Noticed Mennas
 57203 | Crypt:2  | Reached * piety under the Shining One
 57249 | Crypt:2  | Reached ** piety under the Shining One
 57265 | Crypt:2  | Reached *** piety under the Shining One
 57583 | Crypt:2  | Reached **** piety under the Shining One
 58211 | Crypt:3  | Entered Level 3 of the Crypt
 58213 | Crypt:3  | Reached ***** piety under the Shining One
 58216 | Crypt:3  | Noticed Boris
 58227 | Crypt:3  | Killed Boris
 58401 | Crypt:3  | Reached ****** piety under the Shining One
 58823 | Crypt:3  | Found a basalt altar of Yredelemnul.
 58823 | Crypt:3  | Noticed an ancient lich
 58826 | Crypt:3  | Killed an ancient lich
 58863 | Crypt:3  | Found the +7 great mace "Undeadhunter" {deathbane, rN+}
 59168 | Crypt:3  | Found a staircase to the Tomb.
 59542 | Vaults:1 | Identified a +5 hand cannon of holy wrath (a +3 hand cannon
                  | blessed by the Shining One)
 59542 | Vaults:1 | Received a gift from the Shining One
 59880 | Slime:1  | Entered Level 1 of the Pits of Slime
 59944 | Slime:2  | Noticed Dissolution
 59950 | Slime:2  | Killed Dissolution
 59967 | Slime:2  | Gained mutation: Your spells are a little easier to cast,
                  | but a little less powerful. [a shining eye]
 60107 | Slime:3  | Gained mutation: You occasionally lose the ability to drink
                  | potions when taking damage. [a shining eye]
 60233 | Slime:5  | Entered Level 5 of the Pits of Slime
 60479 | Slime:5  | Noticed the Royal Jelly
 60483 | Slime:5  | Paralysed by a great orb of eyes for 2 turns
 61186 | Slime:5  | Found a viscous altar of Jiyva.
 61211 | Slime:5  | Killed the Royal Jelly
 61764 | Slime:5  | Identified the -2 pair of gloves of Card Tricks {rCorr
                  | Str-2 Dex+2}
 61776 | Slime:5  | Identified the +8 broad axe "Isuezxuc" {freeze, Str+3}
 61779 | Slime:5  | Identified the +1 long sword "Coheysav" {flame, rN++}
 61833 | Slime:5  | Identified the +1 plate armour of Faduih {rPois rC+ Will+}
 61857 | Slime:5  | Identified the +5 ring mail of the Exiled Towns {rC- rN++
                  | rCorr Int+4}
 61888 | Slime:5  | Found the macabre finger necklace {Finger+ rN+}
 61936 | Slime:5  | Got a slimy rune of Zot
 61951 | Slime:5  | Identified the +6 whip of the Baking Bear {venom, Str+6}
 62030 | Slime:5  | Identified the +8 spear of Pestilence {heavy, rF+ Str+4
                  | SInv}
 62451 | Zot:1    | Entered Level 1 of the Realm of Zot
 62559 | Zot:1    | Identified the +1 scale mail of Twilight {rN+ Dex+4}
 63873 | Zot:2    | Found a transporter.
 63873 | Zot:2    | Found a transporter.
 64308 | Pan      | Entered Pandemonium
 64705 | Pan      | Noticed Hadoteti the pandemonium lord
 64723 | Pan      | Killed Hadoteti the pandemonium lord
 65220 | Pan      | Found a runed translucent door.
 65623 | Pan      | Got a demonic rune of Zot
 65866 | Pan      | Was forgiven by Hepliaklqana
 65866 | Pan      | Noticed Cuthreec the pandemonium lord
 65869 | Pan      | Killed Cuthreec the pandemonium lord
 66200 | Pan      | Found an exit through the horrors of the Abyss.
 66225 | Pan      | Reached skill level 10 in Invocations
 66661 | Pan      | Identified the +2 rapier "Zoalimp" {heavy, Str+8 Dex-2}
 67035 | Pan      | Noticed Ewokegad the pandemonium lord
 67053 | Pan      | Killed Ewokegad the pandemonium lord
 67293 | Pan      | Reached XP level 26. HP: 211/211 MP: 37/37
 67438 | Pan      | Found a huge runed translucent gate.
 67438 | Pan      | Found a huge runed translucent gate.
 67439 | Pan      | Found a huge runed translucent gate.
 67439 | Pan      | Found a huge runed translucent gate.
 67440 | Pan      | Found a huge runed translucent gate.
 67440 | Pan      | Found a huge runed translucent gate.
 67441 | Pan      | Found a huge runed translucent gate.
 67441 | Pan      | Found a huge runed translucent gate.
 67442 | Pan      | Found a huge runed translucent gate.
 67442 | Pan      | Found a huge runed translucent gate.
 67442 | Pan      | Found a huge runed translucent gate.
 67442 | Pan      | Found a huge runed translucent gate.
 67443 | Pan      | Found a huge runed translucent gate.
 67443 | Pan      | Found a huge runed translucent gate.
 67443 | Pan      | Found a huge runed translucent gate.
 67443 | Pan      | Found a huge runed translucent gate.
 67444 | Pan      | Found a huge runed translucent gate.
 67444 | Pan      | Found a huge runed translucent gate.
 67444 | Pan      | Found a huge runed translucent gate.
 67444 | Pan      | Found a huge runed translucent gate.
 67444 | Pan      | Found a huge runed translucent gate.
 67444 | Pan      | Noticed Lejoulal the pandemonium lord
 67479 | Pan      | Noticed Suvigiv the pandemonium lord
 67484 | Pan      | Killed Suvigiv the pandemonium lord
 67544 | Pan      | Gained mutation: Your spells are easier to cast, but less
                  | powerful. [a neqoxec]
 67957 | Pan      | Entered the realm of Cerebov.
 68027 | Pan      | Found an exit through the horrors of the Abyss.
 68578 | Pan      | Identified the amulet "Jecis" {Regen+ Slay+3}
 68685 | Pan      | Identified the +9 battleaxe of Bifuj {freeze, *Rage Fly
                  | rF+}
 68730 | Pan      | Identified the +1 trident of the Turnip {venom, *Noise
                  | Int+2 Stlth+}
 68806 | Pan      | Identified the +8 chain mail of Evolution {Dex+2}
 68830 | Pan      | Identified the staff "Fyozin" {rElec rPois rC- Dex+3 Conj}
 69230 | Pan      | Found the +6 sword of Cerebov {flame}
 69230 | Pan      | Noticed Cerebov
 69259 | Pan      | Killed Cerebov
 69297 | Pan      | Got the Vellum of Fascination
 69350 | Pan      | Got a fiery rune of Zot
 69432 | Pan      | Identified the ring "Hirgh" {rN+ Int+3 Dex+2}
 69473 | Pan      | Identified the +5 scale mail of Quin {+Inv Dex+4}
 69652 | Pan      | Entered the realm of Mnoleg.
 69725 | Pan      | Gained mutation: Your body sometimes deteriorates upon
                  | taking damage. [a neqoxec]
 69743 | Pan      | Noticed Mnoleg
 69770 | Pan      | Killed Mnoleg
 69800 | Pan      | Gained mutation: You are frail. (-10% HP) [a neqoxec]
 69809 | Pan      | Paralysed by a floating eye for 2 turns
 69842 | Pan      | Gained mutation: You have hidden genetic defects. [a
                  | shining eye]
 69860 | Pan      | Gained mutation: Your body often deteriorates upon taking
                  | damage. [a cacodemon]
 69953 | Pan      | Got a glowing rune of Zot
 70008 | Pan      | Gained mutation: You have terrible hidden genetic defects.
                  | [a neqoxec]
 70022 | Pan      | Reached XP level 27. HP: 209/209 MP: 37/37
 70075 | Pan      | Gained mutation: You are vulnerable to cold. (rC-) [a
                  | cacodemon]
 70100 | Pan      | Lost mutation: You are vulnerable to cold. (rC-) [potion of
                  | mutation]
 70100 | Pan      | Lost mutation: Armour fits poorly on your strangely shaped
                  | body. [potion of mutation]
 70100 | Pan      | Gained mutation: Armour fits poorly on your strangely
                  | shaped body. [potion of mutation]
 70100 | Pan      | Gained mutation: Your magical capacity is low. (-10% MP)
                  | [potion of mutation]
 70100 | Pan      | Gained mutation: You occasionally shout uncontrollably at
                  | your foes. [potion of mutation]
 70101 | Pan      | Lost mutation: Armour fits poorly on your strangely shaped
                  | body. [potion of mutation]
 70101 | Pan      | Lost mutation: You have terrible hidden genetic defects.
                  | [potion of mutation]
 70101 | Pan      | Lost mutation: You occasionally lose the ability to drink
                  | potions when taking damage. [potion of mutation]
 70101 | Pan      | Gained mutation: Your mind is acute. (Int +4, Str/Dex -1)
                  | [potion of mutation]
 70101 | Pan      | Gained mutation: You occasionally lose the ability to drink
                  | potions when taking damage. [potion of mutation]
 70101 | Pan      | Gained mutation: You possess an exceptional clarity of
                  | mind. [potion of mutation]
 70102 | Pan      | Lost mutation: Your body often deteriorates upon taking
                  | damage. [potion of mutation]
 70102 | Pan      | Lost mutation: Your mind is acute. (Int +4, Str/Dex -1)
                  | [potion of mutation]
 70103 | Pan      | Lost mutation: You possess an exceptional clarity of mind.
                  | [potion of mutation]
 70103 | Pan      | Lost mutation: Your magical capacity is low. (-10% MP)
                  | [potion of mutation]
 70103 | Pan      | Lost mutation: Your spells are easier to cast, but less
                  | powerful. [potion of mutation]
 70103 | Pan      | Gained mutation: You are very frail. (-20% HP) [potion of
                  | mutation]
 70103 | Pan      | Gained mutation: You expend magic power (3 MP) to
                  | strengthen your wands. [potion of mutation]
 70104 | Pan      | Lost mutation: You expend magic power (3 MP) to strengthen
                  | your wands. [potion of mutation]
 70104 | Pan      | Lost mutation: Your body sometimes deteriorates upon taking
                  | damage. [potion of mutation]
 70104 | Pan      | Lost mutation: You have hidden genetic defects. [potion of
                  | mutation]
 70104 | Pan      | Gained mutation: You sometimes lose your temper in combat.
                  | [potion of mutation]
 70104 | Pan      | Gained mutation: You expend magic power (3 MP) to
                  | strengthen your wands. [potion of mutation]
 70104 | Pan      | Lost mutation: You expend magic power (3 MP) to strengthen
                  | your wands. [potion of mutation]
 70105 | Pan      | Lost mutation: You occasionally lose the ability to drink
                  | potions when taking damage. [potion of mutation]
 70105 | Pan      | Lost mutation: You sometimes lose your temper in combat.
                  | [potion of mutation]
 70105 | Pan      | Gained mutation: Potions are less effective at restoring
                  | your health. [potion of mutation]
 70106 | Pan      | Lost mutation: You are very frail. (-20% HP) [potion of
                  | mutation]
 70106 | Pan      | Lost mutation: You are frail. (-10% HP) [potion of
                  | mutation]
 70106 | Pan      | Gained mutation: You frequently scream uncontrollably at
                  | your foes. [potion of mutation]
 70106 | Pan      | Gained mutation: You passively dampen the noise of your
                  | surroundings. [potion of mutation]
 70403 | Pan      | Noticed Buosyry the pandemonium lord
 70411 | Pan      | Killed Buosyry the pandemonium lord
 70686 | Pan      | Reached skill level 15 in Invocations
 70864 | Pan      | Found a transporter.
 70905 | Pan      | Identified the +8 shortbow "Xauhuf" {freeze, Int+2}
 71034 | Pan      | Found a transporter.
 71678 | Pan      | Entered the realm of Gloorx Vloq.
 72229 | Pan      | Noticed Gloorx Vloq
 72530 | Pan      | Got a dark rune of Zot
 73294 | Pan      | Identified the +2 tower shield of Archighid {*Slow rF++
                  | Int+3}
 73306 | Pan      | Killed Gloorx Vloq
 73967 | Pan      | Gained mutation: Your spells are easier to cast, but less
                  | powerful. [a cacodemon]
 74205 | Pan      | Noticed Evitealoko the pandemonium lord
 74214 | Pan      | Killed Evitealoko the pandemonium lord
 74371 | Pan      | Entered the realm of Lom Lobon.
 74752 | Pan      | Found an exit through the horrors of the Abyss.
 75194 | Pan      | Noticed Lom Lobon
 75220 | Pan      | Killed Lom Lobon
 75370 | Pan      | Got a magical rune of Zot
 75588 | Depths:2 | Escaped Pandemonium
 75699 | D:14     | Bought a potion of mutation for 152 gold pieces
 75699 | D:14     | Bought a potion of curing for 57 gold pieces
 75699 | D:14     | Bought a potion of heal wounds for 95 gold pieces
 75838 | Orc:2    | Bought 2 potions of curing for 96 gold pieces
 75838 | Orc:2    | Bought a potion of magic for 128 gold pieces
 75838 | Orc:2    | Bought a potion of curing for 48 gold pieces
 75838 | Orc:2    | Bought a potion of resistance for 160 gold pieces
 75838 | Orc:2    | Bought a potion of heal wounds for 80 gold pieces
 75902 | Elf:1    | Bought a potion of magic for 128 gold pieces
 75902 | Elf:1    | Bought a potion of magic for 128 gold pieces
 75902 | Elf:1    | Bought a potion of curing for 48 gold pieces
 75902 | Elf:1    | Bought a potion of haste for 160 gold pieces
 75902 | Elf:1    | Bought a potion of heal wounds for 80 gold pieces
 75902 | Elf:1    | Bought a potion of curing for 48 gold pieces
 75950 | Elf:2    | Bought a potion of enlightenment for 70 gold pieces
 75950 | Elf:2    | Bought a potion of curing for 42 gold pieces
 75950 | Elf:2    | Bought a potion of heal wounds for 70 gold pieces
 75956 | Elf:2    | Bought a scroll of acquirement for 1352 gold pieces
 75956 | Elf:2    | Acquired a +1 heavy arbalest
 75957 | Elf:2    | Bought a scroll of enchant weapon for 195 gold pieces
 75960 | Elf:2    | Lost mutation: You passively dampen the noise of your
                  | surroundings. [potion of mutation]
 75960 | Elf:2    | Lost mutation: Your spells are easier to cast, but less
                  | powerful. [potion of mutation]
 75960 | Elf:2    | Lost mutation: Your spells are a little easier to cast, but
                  | a little less powerful. [potion of mutation]
 75960 | Elf:2    | Gained mutation: Your body sometimes deteriorates upon
                  | taking damage. [potion of mutation]
 75960 | Elf:2    | Gained mutation: Your muscles are strong. (Str +4, Int/Dex
                  | -1) [potion of mutation]
 75961 | Elf:2    | Lost mutation: You frequently scream uncontrollably at your
                  | foes. [potion of mutation]
 75961 | Elf:2    | Lost mutation: You occasionally shout uncontrollably at
                  | your foes. [potion of mutation]
 75961 | Elf:2    | Lost mutation: Your muscles are strong. (Str +4, Int/Dex
                  | -1) [potion of mutation]
 75961 | Elf:2    | Gained mutation: You are partially covered in iridescent
                  | scales. (AC +2) [potion of mutation]
 75962 | Elf:2    | Lost mutation: Potions are less effective at restoring your
                  | health. [potion of mutation]
 75962 | Elf:2    | Lost mutation: You are partially covered in iridescent
                  | scales. (AC +2) [potion of mutation]
 75962 | Elf:2    | Gained mutation: Armour fits poorly on your strangely
                  | shaped body. [potion of mutation]
 75963 | Elf:2    | Lost mutation: Armour fits poorly on your strangely shaped
                  | body. [potion of mutation]
 75963 | Elf:2    | Lost mutation: Your body sometimes deteriorates upon taking
                  | damage. [potion of mutation]
 75963 | Elf:2    | Gained mutation: You expend magic power (3 MP) to
                  | strengthen your wands. [potion of mutation]
 75963 | Elf:2    | Gained mutation: You are somewhat resistant to further
                  | mutation. [potion of mutation]
 75963 | Elf:2    | Gained mutation: You have a pair of small antennae on your
                  | head. [potion of mutation]
 76311 | Vaults:4 | Learned a level 5 spell: Summon Forest
 76337 | Vaults:5 | Entered Level 5 of the Vaults
 76404 | Vaults:5 | Identified the +8 long sword of Innocence {speed, Dex+4}
 76435 | Vaults:5 | Got a silver rune of Zot
 76478 | Vaults:5 | Identified the +4 rapier of Veneps {heavy, rN+}
 76535 | Vaults:5 | Noticed Boris
 76540 | Vaults:5 | Killed Boris
 76970 | Vaults:5 | Noticed an ancient lich
 76985 | Vaults:5 | Reached skill level 27 in Ranged Weapons
 76989 | Vaults:5 | Killed an ancient lich
 77093 | Vaults:5 | Got the Teachings on Turbulence
 77228 | Vaults:5 | Identified the +3 hand axe "Xidaconu" {flame, rPois rC+
                  | Int-3}
 77487 | Vaults:5 | Identified the -1 pair of gloves of Mudiypy {Will- Str+2
                  | Dex+5}
 78485 | Hell     | Entered the Vestibule of Hell
 78485 | Hell     | Noticed Geryon
 78486 | Hell     | Identified the +0 tower shield of Filigreed Surprise {rElec
                  | Dex+3}
 78492 | Hell     | Killed Geryon
 78495 | Hell     | Noticed Murray
 78506 | Hell     | Killed Murray
 79062 | Hell     | Found a gateway to the decaying netherworld of Tartarus.
 79132 | Hell     | Found a gateway to the freezing wastes of Cocytus.
 79197 | Hell     | Found a gateway to the Iron City of Dis.
 79276 | Hell     | Found a gateway to the ashen valley of Gehenna.
 79504 | Zig:1    | Entered Level 1 of a ziggurat
 79526 | Zig:2    | Entered Level 2 of a ziggurat
 79555 | Zig:3    | Entered Level 3 of a ziggurat
 79582 | Zig:3    | Identified the ring "Dekhaabb" {rC+ rN+}
 79598 | Zig:4    | Entered Level 4 of a ziggurat
 79846 | Zig:4    | Identified the +9 hand axe "Cyextit" {flame, Will+}
 79849 | Zig:5    | Entered Level 5 of a ziggurat
 79972 | Zig:6    | Entered Level 6 of a ziggurat
 79976 | Zig:6    | Noticed a dread lich
 79983 | Zig:6    | Killed a dread lich
 80046 | Zig:7    | Entered Level 7 of a ziggurat
 80501 | Zig:7    | Identified the +5 orcbow "Reiqohog" {flame, rN+ Str+3
                  | Dex+2}
 80516 | Zig:8    | Entered Level 8 of a ziggurat
 80572 | Zig:8    | Identified the +11 spear of Parts Unknown {flame, Int+3
                  | Dex+4}
 80605 | Zig:9    | Entered Level 9 of a ziggurat
 80931 | Coc:1    | Entered Level 1 of Cocytus
 81231 | Coc:2    | Reached skill level 10 in Evocations
 81289 | Coc:2    | Noticed an ancient lich
 81291 | Coc:2    | Noticed a dread lich
 81300 | Coc:2    | Killed an ancient lich
 81318 | Coc:2    | Paralysed by a dread lich for 4 turns
 81324 | Coc:2    | Killed a dread lich
 81482 | Coc:3    | Paralysed by a wendigo for 1 turns
 81793 | Coc:5    | Noticed an ancient lich
 81812 | Coc:5    | Killed an ancient lich
 82538 | Coc:7    | Entered Level 7 of Cocytus
 82538 | Coc:7    | Noticed an ancient lich
 82541 | Coc:7    | Paralysed by a wendigo for 1 turns
 82542 | Coc:7    | Killed an ancient lich
 82547 | Coc:7    | Noticed an ancient lich
 82560 | Coc:7    | Killed an ancient lich
 82613 | Coc:7    | Paralysed by a wendigo for 1 turns
 82643 | Coc:7    | Paralysed by a wendigo for 1 turns
 82741 | Coc:7    | Reached skill level 27 in Fighting
 82989 | Coc:7    | Paralysed by a wendigo for 1 turns
 83624 | Coc:7    | Found the +10 Black Knight's barding {ponderous, rPois rN+}
 83958 | Coc:7    | Noticed Antaeus
 84757 | Coc:7    | Killed Antaeus
 84779 | Coc:7    | Identified the +2 robe "Heeloh" {rPois Dex+2}
 84781 | Coc:7    | Got the Quarto of Productive Destruction
 84785 | Coc:7    | Identified the +7 plate armour of the Blind Marksman {Will-
                  | Int+5}
 84788 | Coc:7    | Got an icy rune of Zot
 84926 | Coc:7    | Identified the +0 robe of Rationality {Will++ Dex+3}
 85180 | Tar:1    | Entered Level 1 of Tartarus
 85216 | Tar:1    | Reached skill level 15 in Evocations
 85815 | Tar:3    | Found a huge runed gate.
 85815 | Tar:3    | Found a huge runed gate.
 85815 | Tar:3    | Found a huge runed gate.
 85815 | Tar:3    | Found a huge runed gate.
 85815 | Tar:3    | Found a huge runed gate.
 85815 | Tar:3    | Found a huge runed gate.
 85815 | Tar:3    | Found a huge runed gate.
 85815 | Tar:3    | Found a huge runed gate.
 85815 | Tar:3    | Found a huge runed gate.
 85815 | Tar:3    | Found a huge runed gate.
 85842 | Tar:3    | Found a huge runed gate.
 85842 | Tar:3    | Found a huge runed gate.
 85842 | Tar:3    | Found a huge runed gate.
 85988 | Tar:3    | Found a huge runed gate.
 85988 | Tar:3    | Found a huge runed gate.
 86049 | Tar:3    | Found a huge runed gate.
 86049 | Tar:3    | Found a huge runed gate.
 86049 | Tar:3    | Found a huge runed gate.
 86049 | Tar:3    | Found a huge runed gate.
 86050 | Tar:3    | Found a huge runed gate.
 86050 | Tar:3    | Found a huge runed gate.
 86050 | Tar:3    | Found a huge runed gate.
 86177 | Tar:3    | Found a huge runed gate.
 86178 | Tar:3    | Found a huge runed gate.
 86181 | Tar:3    | Found a huge runed gate.
 86182 | Tar:3    | Found a huge runed gate.
 86182 | Tar:3    | Found a huge runed gate.
 86183 | Tar:3    | Found a huge runed gate.
 86184 | Tar:3    | Found a huge runed gate.
 86185 | Tar:3    | Found a huge runed gate.
 86186 | Tar:3    | Found a huge runed gate.
 86195 | Tar:3    | Found a huge runed gate.
 86195 | Tar:3    | Found a huge runed gate.
 86195 | Tar:3    | Found a huge runed gate.
 87555 | Tar:5    | You are sucked into a shaft and drop 1 floor!
 87905 | Tar:7    | Entered Level 7 of Tartarus
 87921 | Tar:7    | Noticed an ancient lich
 87930 | Tar:7    | Killed an ancient lich
 90370 | Tar:7    | Noticed the Serpent of Hell
 90960 | Tar:7    | Killed the Serpent of Hell
 90983 | Tar:7    | Noticed Ereshkigal
 91405 | Tar:7    | Paralysed by Ereshkigal for 4 turns
 91421 | Tar:7    | Killed Ereshkigal
 91597 | Tar:7    | Found the amulet of the Air {Inacc Air Fly rElec RMsl}
 91607 | Tar:7    | Got a bone rune of Zot
 91611 | Tar:7    | Identified the +5 short sword "Hecakku" {flame, rPois rF+
                  | Will- Str+3}
 91613 | Tar:7    | Identified the ring of Eternity {rF- rC+ Str+4 Dex+4}
 91614 | Tar:7    | Identified the ring of the Curious Quests {Wiz rPois Int+3}
 91800 | Geh:1    | Entered Level 1 of Gehenna
 91952 | Geh:1    | Found a corrupted altar of Lugonu.
 93101 | Geh:6    | Noticed a dread lich
 93102 | Geh:6    | Killed a dread lich
 93262 | Geh:7    | Entered Level 7 of Gehenna
 93436 | Geh:7    | Got the Discursus on Distance and the Legion
 95268 | Geh:7    | Found the +13 sceptre of Asmodeus
 95268 | Geh:7    | Noticed Asmodeus
 95308 | Geh:7    | Killed Asmodeus
 95401 | Geh:7    | Got an obsidian rune of Zot
 95527 | Dis:1    | Entered Level 1 of the Iron City of Dis
 97485 | Dis:6    | Noticed a dread lich
 97916 | Dis:6    | Noticed an ancient lich
 97918 | Dis:6    | Killed a dread lich
 97927 | Dis:6    | Killed an ancient lich
 98718 | Dis:7    | Entered Level 7 of the Iron City of Dis
 99695 | Dis:7    | Reached skill level 27 in Dodging
100616 | Dis:7    | Identified the +0 chain mail "Mathrera" {Drain rC++}
100622 | Dis:7    | Found the +7 hand cannon "Mule" {flame, backblast, rF+}
101139 | Dis:7    | Identified the amulet "Naumor" {RegenMP Dex+3}
101677 | Dis:7    | Noticed Dispater
101692 | Dis:7    | Got an iron rune of Zot
101946 | Zot:2    | Noticed Parghit
103075 | Zot:3    | Noticed an ancient lich
103081 | Zot:3    | Killed an ancient lich
103594 | Zot:3    | Identified the +8 mace "Iryz Geff" {pain, rN+ Str+5 Int+4}
104839 | Zot:4    | Reached skill level 27 in Shields
104910 | Zot:4    | Identified the amulet of Icrazxeh {Regen+ rCorr Str+3}
105160 | Zot:5    | Entered Level 5 of the Realm of Zot
106252 | D:7      | Bought a scroll of fear for 44 gold pieces
106252 | D:7      | Bought a scroll of enchant armour for 82 gold pieces
106252 | D:7      | Bought a scroll of teleportation for 33 gold pieces
106889 | Crypt:1  | Noticed Jory
106894 | Crypt:1  | Killed Jory
107357 | Tomb:1   | Entered Level 1 of the Tomb of the Ancients
107874 | Tomb:1   | Learned a level 8 spell: Disjunction
108062 | Tomb:1   | Noticed a royal mummy
108063 | Tomb:1   | Noticed a royal mummy
108075 | Tomb:1   | Killed a royal mummy
108113 | Tomb:1   | Identified the +9 tower shield "Yrchy" {rElec Dex+2 SInv}
108943 | Tomb:2   | Noticed a royal mummy
108943 | Tomb:2   | Noticed a royal mummy
108943 | Tomb:2   | Noticed a royal mummy
108952 | Tomb:2   | Killed a royal mummy
108954 | Tomb:2   | Noticed a royal mummy
108959 | Tomb:2   | Killed a royal mummy
108965 | Tomb:2   | Killed a royal mummy
108975 | Tomb:2   | Killed a royal mummy
109091 | Tomb:2   | Acquired a manual of Stealth
109554 | Tomb:3   | Entered Level 3 of the Tomb of the Ancients
109558 | Tomb:3   | Noticed Boris
109564 | Tomb:3   | Killed Boris
109893 | Tomb:3   | Noticed a royal mummy
109894 | Tomb:3   | Noticed a royal mummy
109901 | Tomb:3   | Killed a royal mummy
109903 | Tomb:3   | Noticed a royal mummy
109906 | Tomb:3   | Noticed a royal mummy
109908 | Tomb:3   | Killed a royal mummy
109909 | Tomb:3   | Noticed a royal mummy
109909 | Tomb:3   | Noticed a royal mummy
109912 | Tomb:3   | Noticed a royal mummy
109915 | Tomb:3   | Noticed a royal mummy
109919 | Tomb:3   | Killed a royal mummy
109919 | Tomb:3   | Killed a royal mummy
109919 | Tomb:3   | Killed a royal mummy
109921 | Tomb:3   | Killed a royal mummy
109922 | Tomb:3   | Killed a royal mummy
109925 | Tomb:3   | Noticed a royal mummy
109930 | Tomb:3   | Killed a royal mummy
109930 | Tomb:3   | Killed a royal mummy
110191 | Tomb:3   | Identified the +0 ring mail of Resourcefulness {rN++ Regen+
                  | rCorr Str-4}
110298 | Tomb:3   | Identified the +1 broad axe of a Thousand Visions {venom,
                  | Int+5 SInv Stlth+}
110299 | Tomb:3   | Identified the +10 dagger of the Maze {drain, Fly MP-9
                  | Str-2 Dex+9}
110305 | Tomb:3   | Identified the +7 morningstar of the Vanishing Souls
                  | {venom, rF+++ Str+4 Dex-3}
110312 | Tomb:3   | Got the Opusculum on Unfortunate Degeneration
110329 | Tomb:3   | Identified the +7 falchion of the Stork {venom, *Corrode
                  | rC+ Will+}
110343 | Tomb:3   | Identified the +7 plate armour of the Ageless Shrikes
                  | {rPois MP+9 Str+3}
110438 | Tomb:3   | Got a golden rune of Zot
110894 | Tomb:1   | Killed a royal mummy
112245 | Zot:5    | Noticed an orb of fire
112246 | Zot:5    | Identified the +8 tower shield "Leenappa" {Dex+4}
112247 | Zot:5    | Noticed an ancient lich
112250 | Zot:5    | Noticed an ancient lich
112253 | Zot:5    | Noticed an orb of fire
112254 | Zot:5    | Noticed an orb of fire
112450 | Zot:5    | Noticed a dread lich
112469 | Zot:5    | Killed a dread lich
112486 | Zot:5    | Noticed a dread lich
112488 | Zot:5    | Paralysed by a dread lich for 5 turns
112494 | Zot:5    | Killed a dread lich
112743 | Zot:5    | Gained mutation: You are strong-willed. (Will+) [an orb of
                  | fire]
112744 | Zot:5    | Killed an orb of fire
113150 | Zot:5    | Killed an ancient lich
113204 | Zot:5    | Identified the +2 tower shield of Mouporaf {rC+ Int+2}
113210 | Zot:5    | Noticed an ancient lich
113211 | Zot:5    | Killed an orb of fire
113219 | Zot:5    | Killed an ancient lich
113304 | Zot:5    | Killed an ancient lich
113353 | Zot:5    | Noticed an ancient lich
113356 | Zot:5    | Killed an ancient lich
113357 | Zot:5    | Identified the +5 quarterstaff "Xoudekiw" {heavy, Str+3}
113374 | Zot:5    | Got the Orb of Zot
113380 | Zot:5    | Noticed Ineriuj the pandemonium lord
113385 | Zot:5    | Killed Ineriuj the pandemonium lord
113479 | Zot:3    | Noticed Boris
113599 | D:15     | Reached skill level 27 in Invocations
113633 | D:13     | Noticed Gigruado the pandemonium lord
113931 | D:$      | Escaped with the Orb!

Illustrated notes

Levels and vault maps discovered:
D:1:      lemuel_arrival_tunnels, layout_loops_ring,
          hellmonk_ecumenical_altar_inner_sanctum,
          chequers_serial_rivers_small_3, st_stairs_13
D:2:      layout_basic, minmay_fractal_squares_gapless_5, uniq_jessica
D:3:      layout_basic, uniq_terence
D:4:      layout_basic, nicolae_qazlal_style_of_elements, serial_rivers,
          chequers_serial_rivers_micro_e, chequers_serial_rivers_small_a,
          chequers_serial_rivers_room_a, chequers_serial_rivers_micro_d,
          chequers_serial_rivers_room_b
D:5:      layout_layer_cave, mainiacjoe_overflow_concentric_impassable,
          nicolae_wu_jian_wuxing_cycle
D:6:      layout_basic, nicolae_overflow_hidden_temple,
          chequers_serial_rivers_small_a, uniq_pikel, uniq_sigmund,
          uniq_blork_the_orc
D:7:      layout_rooms, lemuel_tele_altar, minmay_temple_entry_antechambers,
          serial_shops, nicolae_take_the_stairs, hangedman_decor_clover_reticule
D:8:      layout_layer_cave, serial_shops, nicolae_stop_n_shop_1, uniq_erica,
          uniq_prince_ribbit1
D:9:      layout_basic, tgw_trog, nicolae_elyvilon_peaceful_grove, uniq_maggie
D:10:     layout_basic, kiku_gazebo_pond_becter,
          mainiacjoe_overflow_catwalk_spiral
D:11:     layout_basic, david_lair_shrubbed, zombieorc1_lemuel, special_room
          [special_room_kobold]
D:12:     layout_basic, pond
D:13:     layout_basic, serial_shops, nicolae_shop_tiny_statue_garden,
          uniq_sonja
D:14:     layout_roguey, ximxim_vaults_locker_room, serial_shops,
          nicolae_square_shop, portal_ice_cave_entry_pillars_three
D:15:     hellmonk_depths_entry_around_the_bend, layout_basic,
          minmay_crystal_room, minmay_misc_feat_tiny
Temple:   hellmonk_temple_divided_pantheon
Lair:1:   layout_regular_city, nicolae_quartered_pool_impasse,
          grunt_megastairs_3, uniq_nergalle, uniq_gastronok, uniq_urug,
          uniq_harold
Lair:2:   nzn_winding_woodlands_large [nzn_winding_woodlands_5x5_cross,
          nzn_winding_woodlands_5x15_default, nzn_winding_woodlands_hourglass,
          nzn_winding_woodlands_center_garden,
          nzn_winding_woodlands_15x15_boxy_spiral,
          nzn_winding_woodlands_center_lodge,
          nzn_winding_woodlands_5x5_perimeter, nzn_winding_woodlands_5x15_pool,
          nzn_winding_woodlands_5x5_checkerboard], layout_gridlike,
          cheibrodos_lair_lostbears
Lair:3:   layout_gridlike, alex1729_swamp_entry_worm_eleionoma,
          nicolae_spider_entry_orb_guardian, serial_bayou_pond_c,
          lemuel_fruit_tree, serial_bayou_shore_b
Lair:4:   layout_misc_corridors, minmay_slime_entry_oklob_open, minivault_23,
          uniq_kirke, uniq_nessos
Lair:5:   hangedman_lair_tendril_chambers, layout_regular_city
Swamp:1:  layout_falls_marsh, evilmike_swamp_ruin_house_2, swamp_pool1,
          nicolae_swamp_spooky_pond, infiniplex_staircase_pool_2
Swamp:2:  layout_basic_swamp, nicolae_swamp_tree_isthmus,
          infiniplex_staircase_pool
Swamp:3:  layout_falls_marsh, nicolae_swamp_small_spring, swamp_pool5,
          st_swamp_ruins_4, uniq_aizul
Swamp:4:  byrel_swamp_growth_death_and_undeath, layout_basic_swamp, swamp_pool3,
          nicolae_swamp_thats_no_hydra, uniq_donald
Spider:1: layout_spider_delve, uniq_mlioglotl, uniq_jorgrun
Spider:2: layout_spider_delve, uniq_arachne
Spider:3: layout_cave_pods, drop_trap
Spider:4: grunt_spider_rune_island, uniq_roxanne, uniq_mara
Slime:1:  layout_caves
Slime:2:  layout_caves, dissolution_awaits
Slime:3:  cheibrodos_slime_lost_civilization_2, layout_caves
Slime:4:  nicolae_slime_pool, layout_caves, nicolae_slime_phagocytosis
Slime:5:  slime_pit_nicolae_trefoil
Orc:1:    layout_diamond_mine, special_room [special_room_orc]
Orc:2:    grunt_orc_community_town_hall, layout_caves,
          grunt_orc_community_big_house_2, grunt_orc_community_big_house_1,
          grunt_orc_community_house_3, grunt_orc_community_house_1,
          grunt_orc_community_house_1, grunt_orc_community_house_2,
          grunt_orc_community_house_3, uniq_saint_roka
Elf:1:    layout_geoelf_octagon, ebering_ghost_xom, basic_altar,
          hangedman_elf_represent, minmay_shoptagon
Elf:2:    nicolae_elf_blades_splatter_lattice [nicolae_blade_little_rooms],
          layout_geoelf_diagonals, serial_shops, nicolae_shop_industrial_runoff,
          minmay_shop_grid_forest
Elf:3:    minmay_elf_hall_dome, layout_geoelf_octagon, serial_shops, shop,
          grunt_ministairs_15, nicolae_elf_loose_elemental_storage
Vaults:1: nicolae_vaults_octothorpe, ontoclasm_vaults_decontamination,
          v_alt_pattern_5, nicolae_vaults_border_crossing, v_rooms_5,
          vaults_room_fours, nicolae_vaults_sesquioval_fish,
          layout_vaults_omnigrid
Vaults:2: grunt_vaults_focal, vaults_room_ringed_pool, vaults_mumra_minichess,
          v_rooms_3, nicolae_vaults_whirlpool_walls,
          nicolae_vaults_tetromino_Z_2, nicolae_vaults_door_testing_chamber,
          nicolae_vaults_diamond_1, layout_vaults_chaotic_city
Vaults:3: nicolae_vaults_closet_pinwheel_2, nicolae_vaults_little_guard_posts,
          minmay_crypt_entry_simple_corners, vaults_dpeg_hooks,
          vaults_room_hallway, nicolae_vaults_meiosis, hangedman_vaults_nodes,
          nicolae_vaults_sealed_display, grunt_vaults_hallway_short,
          nicolae_vaults_surprise_closet, layout_vaults_omnicross,
          uniq_asterion, uniq_norris
Vaults:4: nicolae_vaults_little_squares_6, hangedman_vaults_impose,
          nicolae_vaults_wrenched, nicolae_vaults_hallways_thing, v_misc_27,
          grunt_vaults_diagonal, dpeg_vaults_monster_row,
          dpeg_vaults_monster_box, ontoclasm_vaults_eye, layout_vaults_ring,
          serial_shops, nicolae_shop_competitors_out_of_business
Vaults:5: serial_shops
Crypt:1:  layout_chaotic_city, wad_floor_pattern_untrapped, minivault_14,
          nicolae_crypt_little_mausoleum, grunt_megastairs_4, uniq_boris,
          uniq_mennas, uniq_jory
Crypt:2:  layout_misc_corridors, nicolae_crypt_little_mausoleum,
          roderic_lattice_octagonal_star
Crypt:3:  cryptofortress_bobbens, uniq_margery
Tomb:1
Tomb:2
Tomb:3
Depths:1: layout_cave_pools, hell_entry, nicolae_ru_path_of_blood,
          hangedman_abyss_or_decor_stagger, nrook_kobold_shadow_demons,
          serial_bayou_shore_a
Depths:2: grunt_profane_halls [grunt_profane_temple_geh,
          grunt_profane_temple_tar, grunt_profane_temple_dis,
          grunt_profane_temple_coc, grunt_profane_loot], serial_shops,
          hell_entry, pan_entry
Depths:3: grunt_twist_and_shout, layout_gridlike, enter_ziggurat_d,
          lightli_too_deep, abyss_entry_small_statue_room,
          nicolae_twisty_statue_hallways, minmay_staircase_statues_hall_small,
          minmay_shop_grove
Depths:4: grunt_zot_entry_alcove, layout_gridlike, hangedman_abyss_entry_splay,
          hellmouth_1, roderic_roman_lattice, chequers_serial_rivers_micro_d,
          nicolae_lava_and_water
Hell
Dis:1:    lightli_tower_of_babel
Dis:2:    layout_gridville
Dis:3:    layout_jigsaw, glass_columns_c, nicolae_dis_bowling_alley
Dis:4:    layout_overlapping_boxes
Dis:5:    layout_regular_city
Dis:6:    hangedman_dis_monolith, layout_regular_city
Dis:7:    iron_city_of_dis [dis_mu, dis_wall_8], layout_gridville,
          minmay_strange_pillars
Geh:1:    layout_gehenna_pools_triple, lemuel_hellish_altar
Geh:2:    layout_gehenna_pools_basic
Geh:3:    layout_gehenna_pools_basic
Geh:4:    layout_gehenna_pools_box
Geh:5:    layout_gehenna_pools_basic
Geh:6:    layout_gehenna_pools_triple
Geh:7:    geh_hangedman
Coc:1:    layout_cocytus_water_paths
Coc:2:    layout_ice_bergs, special_room [special_room_morgue]
Coc:3:    layout_cocytus_water_paths
Coc:4:    layout_cocytus_delve
Coc:5:    layout_cocytus_water_paths
Coc:6:    layout_ice_bergs
Coc:7:    coc_grunt
Tar:1:    layout_honeycomb, nicolae_tar_combstack
Tar:2:    layout_catacombs, nicolae_tar_cuneiform_to_be
Tar:3:    layout_honeycomb, door_vault
Tar:4:    layout_honeycomb, nicolae_hells_hurtin_island
Tar:5:    layout_grid_maze
Tar:6:    layout_grid_maze
Tar:7:    tar_minmay_river
Zot:1:    layout_gridlike, st_stairs_11
Zot:2:    gammafunk_sealed_arena, layout_concentric_octagons, uniq_parghit
Zot:3:    hangedman_zot_vaults_quadrants, layout_onion_interference
Zot:4:    cheibrodos_zot_enchanting_chambers, layout_cathedral_of_symmetry,
          hellmonk_greenhouse_of_terror
Zot:5:    layout_gridlike

Skill      XL: |  1  2  3  4  5  6  7  8  9 10 11 12 13 14 15 16 17 18 19 20 21 22 23 24 25 26 27 |
---------------+----------------------------------------------------------------------------------+-----
Ranged Weapons | 5 6 7 8 9 11 14 17 18 20 21 22 23 24 27 | 27.0
Dodging        | 4 8 11 15 17 27 | 27.0
Fighting       | 4 5 9 16 18 22 27 | 27.0
Invocations    | 4 9 12 14 27 | 27.0
Shields        | 9 10 15 17 27 | 27.0
Evocations     | 5 9 20 | 20.3
Armour         | 13 15 17 23 | 23.0
Spellcasting   | 9 10 | 10.2
Translocations | 4 15 17 22 | 22.4
Stealth        | |  0.8

Action                     |  1- 3 |  4- 6 |  7- 9 | 10-12 | 13-15 | 16-18 | 19-21 | 22-24 | 25-27 || total
---------------------------+-------+-------+-------+-------+-------+-------+-------+-------+-------++-------
  Melee: Orcbow            |       |       |     1 |       |       |       |       |       |       ||     1
   Fire: Shortbow          |    44 |       |       |       |       |       |       |       |       ||    44
         Orcbow            |    21 |   273 |   241 |       |       |       |       |       |       ||   535
         Longbow           |       |       |    79 |   766 |   778 |       |       |       |       ||  1623
         Hand cannon       |       |       |       |       |   175 |   406 |  1332 |  1232 |  7339 || 10484
  Throw: Throwing net      |       |       |       |       |       |       |     1 |       |     1 ||     2
   Cast: Passage of Golubr |       |       |       |       |       |       |       |       |    19 ||    19
         Volatile Blastmot |       |       |       |       |       |       |       |       |     5 ||     5
         Dispersal         |       |       |       |       |       |       |       |       |     3 ||     3
         Summon Forest     |       |       |       |       |       |       |       |       |     2 ||     2
         Disjunction       |       |       |       |       |       |       |       |       |     1 ||     1
 Invoke: Ancestor Life: Kn |       |       |       |     1 |       |       |       |       |       ||     1
         Recall Ancestor   |       |       |       |     2 |     3 |     2 |     8 |    10 |     2 ||    27
         Idealise          |       |       |       |       |    11 |     3 |     3 |     4 |     1 ||    22
         Transference      |       |       |       |       |     4 |     1 |     5 |     3 |       ||    13
         Summon Divine War |       |       |       |       |       |       |       |       |    89 ||    89
         Divine Shield     |       |       |       |       |       |       |       |       |    54 ||    54
         Brand Weapon With |       |       |       |       |       |       |       |       |     1 ||     1
         Cleansing Flame   |       |       |       |       |       |       |       |       |   199 ||   199
Ability: Hop               |       |     5 |     6 |     4 |     8 |     7 |    20 |    10 |   133 ||   193
  Evoke: Wand              |       |     2 |     7 |       |     1 |     5 |     6 |     4 |   129 ||   154
         Phial of floods   |       |       |       |       |       |     1 |     4 |     1 |     4 ||    10
         Condenser vane    |       |       |       |       |       |     1 |     3 |     2 |     5 ||    11
         Phantom mirror    |       |       |       |       |       |     1 |     2 |     1 |    11 ||    15
         Lightning rod     |       |       |       |       |       |       |       |       |     9 ||     9
         Sack of spiders   |       |       |       |       |       |       |       |       |     6 ||     6
    Use: Scroll            |       |       |    11 |     9 |     7 |     6 |     9 |     1 |    83 ||   126
         Potion            |       |       |     2 |     3 |       |     3 |     5 |     1 |    88 ||   102
 Armour: Leather armour    |     9 |    71 |    64 |     7 |       |       |       |       |       ||   151
         Swamp dragon scal |       |       |       |   101 |   122 |     2 |   180 |   203 |   252 ||   860
         Scale mail        |       |       |       |       |       |    12 |       |       |       ||    12
         Robe              |       |       |       |       |       |    14 |       |       |       ||    14
         Ice dragon scales |       |       |       |       |       |    47 |    76 |       |       ||   123
         Quicksilver drago |       |       |       |       |       |       |       |       |  1272 ||  1272
         Skin              |       |       |       |       |       |       |       |       |   195 ||   195
         Fire dragon scale |       |       |       |       |       |       |       |       |   118 ||   118
  Dodge: Dodged            |     2 |    59 |    78 |   148 |   202 |   101 |   384 |   278 |  2610 ||  3862
  Block: Buckler           |       |       |       |       |     8 |     1 |       |       |       ||     9
         Kite shield       |       |       |       |       |       |   110 |   433 |   378 |  5182 ||  6103
         Reflection        |       |       |       |       |       |     5 |    14 |    46 |   172 ||   237

Table legend: (Time is in decaauts)
 A = Elapsed time spent in this place.
 B = Non-inter-level travel time spent in this place.
 C = Inter-level travel time spent in this place.
 D = Time resting spent in this place.
 E = Time spent auto-exploring this place.
 F = Levels seen in this place.
 G = Mean time per level.
                   A        B        C        D        E       F      G
               +--------+--------+--------+--------+--------+-----+--------+
         Total | 127852 | 104617 |  23235 |  29415 |  39942 | 118 | 1083.5 |
       Dungeon |  22403 |  17641 |   4762 |   1733 |  12803 |  15 | 1493.5 |
        Temple |     87 |      6 |     81 |      0 |      0 |   1 |   87.0 |
          Lair |   7262 |   5940 |   1322 |   1001 |   3657 |   5 | 1452.4 |
         Swamp |   5601 |   5361 |    240 |   2238 |   1914 |   4 | 1400.2 |
   Spider Nest |   5495 |   4746 |    749 |   1094 |   2400 |   4 | 1373.8 |
    Slime Pits |   2360 |   1923 |    437 |   1172 |      0 |   5 |  472.0 |
  Orcish Mines |   2542 |   2148 |    394 |    552 |    960 |   2 | 1271.0 |
   Elven Halls |   5931 |   5406 |    525 |   1764 |   2451 |   3 | 1977.0 |
        Vaults |  11021 |   8996 |   2025 |   1566 |   5631 |   5 | 2204.2 |
         Crypt |   3689 |   3340 |    349 |    171 |   2261 |   3 | 1229.7 |
          Tomb |   4422 |   2982 |   1440 |   1870 |    232 |   3 | 1474.0 |
        Depths |   8051 |   6675 |   1376 |   1923 |   3093 |   4 | 2012.8 |
          Hell |   1862 |   1095 |    767 |    658 |    111 |   1 | 1862.0 |
           Dis |   6355 |   5018 |   1337 |   2926 |    234 |   7 |  907.9 |
       Gehenna |   4121 |   3277 |    844 |   1044 |    908 |   7 |  588.7 |
       Cocytus |   4581 |   2904 |   1677 |   1203 |    397 |   7 |  654.4 |
      Tartarus |   7180 |   4587 |   2593 |   2488 |    429 |   7 | 1025.7 |
           Zot |   8338 |   6029 |   2309 |   1839 |   1656 |   5 | 1667.6 |
         Abyss |    274 |    274 |      0 |     19 |      0 |   2 |  137.0 |
   Pandemonium |  12770 |  12770 |      0 |   2421 |    613 |  18 |  709.4 |
      Ziggurat |   1229 |   1229 |      0 |    710 |      0 |   9 |  136.6 |
      Ice Cave |   2272 |   2272 |      0 |   1014 |    186 |   1 | 2272.0 |
               +--------+--------+--------+--------+--------+-----+--------+

Top non-repeatable levels by time:
   Tar:7: 4161 daAuts
   Dis:7: 3301 daAuts
Depths:2: 2854 daAuts
   Coc:7: 2780 daAuts
    D:11: 2658 daAuts
Vaults:3: 2596 daAuts
   Geh:7: 2424 daAuts
   Zot:5: 2419 daAuts
   Elf:3: 2403 daAuts
Vaults:1: 2337 daAuts
  Tomb:1: 2303 daAuts
   IceCv: 2272 daAuts
   Orc:2: 2139 daAuts
Vaults:5: 2111 daAuts
 Swamp:4: 2076 daAuts
